 Dungeon Crawl Stone Soup version 0.22-a0-113-gdd6f4a9 (webtiles) character file.

16695235 theanonym the Archmage (level 27, 215/215 HPs)
             Began as a Deep Elf Wizard on Jan 27, 2018.
             Was the Champion of Vehumet.
             Escaped with the Orb
             ... and 15 runes on Jan 28, 2018!
             The game lasted 10:10:38 (94136 turns).

theanonym the Archmage (Deep Elf Wizard)           Turns: 94136, Time: 10:10:38

Health: 215/215    AC: 17    Str:  8    XL:     27
Magic:  67/75      EV: 35    Int: 62    God:    Vehumet [******]
Gold:   993        SH: 22    Dex: 21    Spells: 0/80 levels left

rFire    + + +     SeeInvis .   a - staff of conjuration
rCold    + + +     Gourm    .   s - +5 shield {rC+} {rC+}
rNeg     + + +     Faith    .   x - +0 robe of Evolution {rElec MP+9 Dex-2, 0}
rPois    ∞         Spirit   .   o - +3 hat of Pondering {ponderous, MR+ MP+10 Int+5}
rElec    +         Reflect  +   W - scarf {rC+ rF+} {rF+ rC+}
rCorr    .         Harm     .   S - +2 pair of gloves {Dex+3}
MR       ++++.                  p - +2 pair of boots {run}
Stlth    ++........             C - amulet of Relativism {Reflect +Fly Str+4 Int+7 Slay+3 SH+4}
HPRegen  0.45/turn              E - ring "Qoetupp" {rF++ Int+5 Dex+2 Slay-3}
MPRegen  0.44/turn              m - ring of Pefoza {*Drain +Blink Int+8 Dex+5 Slay+6}

@: lich-form, studying Armour
A: horns 1, talons 1, robust 1, electricity resistance
0: Orb of Zot
}: 15/15 runes: serpentine, barnacled, slimy, silver, golden, iron, obsidian,
icy, bone, abyssal, demonic, glowing, magical, fiery, dark
a: End Transformation, Renounce Religion, Evoke Blink, Evoke Flight


Innate Abilities, Weirdness & Mutations

You have a pair of small horns on your head.
You have sharp toenails.
You are robust. (+10% HP)
You are resistant to electric shocks. (rElec)


   Skills:
 - Level 26.0 Fighting
 - Level 1.9 Armour
 - Level 26.2 Dodging
 - Level 11.8 Stealth
 - Level 15.0 Shields
 O Level 27 Spellcasting
 O Level 27 Conjurations
 - Level 10.0 Charms
 - Level 5.0 Summonings
 - Level 15.0 Necromancy
 - Level 5.0 Translocations
 - Level 15.0 Transmutations
 O Level 27 Fire Magic
 - Level 22.0 Ice Magic
 - Level 18.0 Air Magic
 + Level 22.5 Earth Magic
   Level 6.0 Poison Magic
 O Level 27 Evocations


You couldn't memorise any spells.
You knew the following spells:

 Your Spells              Type           Power        Failure   Level  Hunger
a - Iron Shot             Conj/Erth      #########.   0%          6    N/A
b - Dispel Undead         Necr           ########     0%          5    N/A
c - Glaciate              Conj/Ice       #########.   1%          9    N/A
d - Fire Storm            Conj/Fire      #########.   1%          9    N/A
e - Tornado               Air            ########..   1%          9    N/A
f - Fireball              Conj/Fire      #########.   0%          5    N/A
g - Ozocubu's Armour      Chrm/Ice       ########     0%          3    N/A
k - Necromutation         Tmut/Necr      #########.   1%          8    N/A
l - Blink                 Tloc           N/A          0%          2    N/A
p - Shatter               Erth           #########.   1%          9    N/A
q - Apportation           Tloc           ######       0%          1    N/A
r - Regeneration          Chrm/Necr      #########.   0%          3    N/A
t - Deflect Missiles      Chrm/Air       ########..   1%          6    N/A
x - Aura of Abjuration    Summ           #######...   1%          5    N/A

Skill      XL: |  1  2  3  4  5  6  7  8  9 10 11 12 13 14 15 16 17 18 19 20 21 22 23 24 25 26 27 |
---------------+----------------------------------------------------------------------------------+-----
Conjurations   | 2 3 4 5 6 8 9 10 12 13 15 17 19 21 22 27 | 27.0
Spellcasting   | 5 7 8 10 11 12 14 16 17 18 20 27 | 27.0
Summonings     | 2 3 4 5 |  5.0
Fire Magic     | 2 3 6 7 9 10 11 19 27 | 27.0
Poison Magic   | 1 6 |  6.0
Air Magic      | 1 4 5 6 18 | 18.0
Dodging        | 3 5 7 9 11 12 13 14 15 16 17 26 | 26.2
Translocations | 2 5 |  5.0
Fighting       | 2 4 6 7 8 9 10 11 12 13 14 15 26 | 26.0
Charms         | 3 8 10 | 10.0
Necromancy     | 2 3 5 7 15 | 15.0
Ice Magic      | 4 7 8 10 13 16 19 20 22 | 22.0
Shields        | 2 4 9 10 15 | 15.0
Evocations     | 27 | 27.0
Transmutations | 15 | 15.0
Earth Magic    | 22 | 22.5
Armour         | 1 |  1.9
Stealth        | 11 | 11.8

Action                   |  1- 3 |  4- 6 |  7- 9 | 10-12 | 13-15 | 16-18 | 19-21 | 22-24 | 25-27 || total
-------------------------+-------+-------+-------+-------+-------+-------+-------+-------+-------++-------
Melee: Short sword       |     3 |       |       |       |       |       |       |       |       ||     3
       Dagger            |       |       |    14 |    18 |       |       |       |       |       ||    32
       Staff             |       |       |       |     1 |     6 |       |     1 |       |   102 ||   110
       Headbutt          |       |       |       |       |       |       |       |       |    24 ||    24
Throw: Throwing net      |       |       |       |       |     2 |       |       |     2 |       ||     4
 Cast: Magic Dart        |    79 |   140 |   416 |   389 |    29 |       |       |       |       ||  1053
       Call Imp          |     1 |     4 |    67 |    32 |       |       |       |       |       ||   104
       Mephitic Cloud    |     1 |     9 |    23 |    82 |    34 |     2 |       |       |       ||   151
       Conjure Flame     |       |     8 |    12 |    14 |       |       |       |       |       ||    34
       Blink             |       |    10 |    19 |     7 |    12 |     6 |     9 |     5 |    40 ||   108
       Slow              |       |       |     6 |       |       |       |       |       |       ||     6
       Searing Ray       |       |       |     3 |    48 |       |       |       |       |       ||    51
       Regeneration      |       |       |       |     7 |     8 |    13 |    16 |     9 |    53 ||   106
       Throw Icicle      |       |       |       |   148 |   224 |    35 |    75 |       |       ||   482
       Summon Lightning  |       |       |       |    31 |    36 |     1 |       |       |       ||    68
       Summon Ice Beast  |       |       |       |    17 |    27 |       |       |       |       ||    44
       Freezing Cloud    |       |       |       |       |    92 |    34 |     9 |       |       ||   135
       Fireball          |       |       |       |       |   290 |   592 |   325 |   158 |   319 ||  1684
       Poison Arrow      |       |       |       |       |    22 |    74 |   113 |    58 |    35 ||   302
       Deflect Missiles  |       |       |       |       |     3 |     3 |     5 |     3 |     4 ||    18
       Ozocubu's Armour  |       |       |       |       |       |    65 |    43 |    17 |    54 ||   179
       Airstrike         |       |       |       |       |       |       |    53 |       |       ||    53
       Glaciate          |       |       |       |       |       |       |    64 |    98 |   303 ||   465
       Iron Shot         |       |       |       |       |       |       |    31 |    44 |   442 ||   517
       Dispel Undead     |       |       |       |       |       |       |     3 |   140 |   102 ||   245
       Aura of Abjuratio |       |       |       |       |       |       |       |       |    34 ||    34
       Fire Storm        |       |       |       |       |       |       |       |       |   741 ||   741
       Ignition          |       |       |       |       |       |       |       |       |   206 ||   206
       Necromutation     |       |       |       |       |       |       |       |       |    91 ||    91
       Tornado           |       |       |       |       |       |       |       |       |    85 ||    85
       Shatter           |       |       |       |       |       |       |       |       |    47 ||    47
       Apportation       |       |       |       |       |       |       |       |       |    17 ||    17
 Abil: End Transformatio |       |       |       |       |       |       |       |       |     5 ||     5
Evoke: Wand              |       |       |     4 |     9 |     6 |     7 |       |     1 |    20 ||    47
       Lamp of fire      |       |       |       |       |     1 |       |       |       |       ||     1
       Staff of energy   |       |       |       |       |       |       |       |       |  1219 ||  1219
       Phantom mirror    |       |       |       |       |       |       |       |       |     4 ||     4
  Use: Scroll            |       |     8 |     5 |    11 |    17 |     8 |    12 |    18 |    81 ||   160
       Potion            |       |       |       |       |     1 |     1 |     4 |     3 |    27 ||    36
 Stab: Sleeping          |     1 |       |     1 |       |       |       |       |       |       ||     2
       Paralysed         |       |       |     8 |       |       |       |       |       |       ||     8
       Distracted        |       |       |       |     1 |       |       |       |       |       ||     1
       Confused          |       |       |       |     1 |       |       |       |       |       ||     1
  Eat: Chunk             |     2 |     7 |    14 |    15 |    49 |    12 |    35 |    14 |    35 ||   183
       Ration            |       |       |     1 |     4 |     3 |     7 |     5 |    13 |    28 ||    61
Armor: Robe              |     1 |     4 |    34 |    29 |    31 |    22 |    21 |    12 |   126 ||   280
       Skin              |       |       |       |       |       |       |     6 |     2 |     3 ||    11
Dodge: Dodged            |    12 |     8 |   141 |   117 |   141 |   116 |   100 |    72 |   757 ||  1464
       Deflected         |       |       |       |       |     9 |    52 |    44 |    13 |    58 ||   176
Block: Buckler           |       |       |       |       |    43 |    46 |    48 |    34 |       ||   171
       Shield            |       |       |       |       |       |       |       |     2 |  1093 ||  1095
       Reflection        |       |       |       |       |       |       |       |       |    13 ||    13

Inventory:

Missiles
 T - 15 throwing nets (quivered)
Armour
 j - the -2 hat of the Alchemist {rElec rPois rF+ rC+ rN+ MR+ rMut rCorr}
   (You found it on level 16 of a ziggurat)

   It protects you from fire.
   It protects you from cold.
   It insulates you from electricity.
   It protects you from poison.
   It protects you from negative energy.
   It affects your resistance to hostile enchantments.
   It protects you from acid and corrosion.
   It protects you from mutation.
 o - the +3 hat of Pondering (worn) {ponderous, MR+ MP+10 Int+5}
   (You found it on level 5 of the Pits of Slime)

   It affects your intelligence (+5).
   It affects your resistance to hostile enchantments.
   It affects your magic capacity (+10).
 p - a +2 pair of boots of running (worn)
   (You bought it in a shop on level 2 of the Orcish Mines)
 s - a +5 shield of cold resistance (worn) {rC+}
   (You took it off a tengu warrior on level 15 of the Dungeon)
 x - the +0 robe of Evolution (worn) {rElec MP+9 Dex-2, 0}
   (You bought it in a shop on level 1 of the Snake Pit)

   It affects your dexterity (-2).
   It insulates you from electricity.
   It affects your magic capacity (+9).
 S - a +2 pair of gloves of dexterity (worn)
   (You found it in an ice cave)
 W - a scarf of resistance (worn) {rF+ rC+}
   (You found it on level 3 of the Abyss)
Magical Staves
 a - an uncursed staff of conjuration (weapon)
   (You found it on level 3 of the Depths)
 b - an uncursed staff of energy
   (You found it on level 2 of the Realm of Zot)
Jewellery
 c - an uncursed amulet of magic regeneration
   (You found it on level 12 of the Dungeon)
 i - the ring of Huawk {*Corrode rN+ MP+9 Int+2 Dex-2}
   (You took it off a hell knight on level 3 of the Crypt)

   [ring of dexterity]

   It affects your intelligence (+2).
   It affects your dexterity (-2).
   It protects you from negative energy.
   It affects your magic capacity (+9).
   It may corrode you when you take damage.
 k - the ring of Sozixef {EV+1 Int+4 Dex+2 SInv}
   (You found it on level 11 of a ziggurat)

   [ring of evasion]

   It affects your evasion (+1).
   It affects your intelligence (+4).
   It affects your dexterity (+2).
   It lets you see invisible.
 m - the ring of Pefoza (right hand) {*Drain +Blink Int+8 Dex+5 Slay+6}
   (You found it in Pandemonium)

   [ring of dexterity]

   It affects your intelligence (+8).
   It affects your dexterity (+5).
   It affects your accuracy and damage with ranged weapons and melee attacks
   (+6).
   It lets you blink.
   It causes draining when unequipped.
 n - the ring "Geaps" {+Inv rElec rC+ Str+7 Dex+5}
   (You found it in a treasure trove)

   [ring of dexterity]

   It affects your strength (+7).
   It affects your dexterity (+5).
   It protects you from cold.
   It insulates you from electricity.
   It lets you turn invisible.
 C - the amulet of Relativism (around neck) {Reflect +Fly Str+4 Int+7 Slay+3 SH+4}
   (You found it on level 27 of a ziggurat)

   [amulet of reflection]

   It shields you and reflects attacks.
   It affects your strength (+4).
   It affects your intelligence (+7).
   It affects your accuracy and damage with ranged weapons and melee attacks
   (+3).
   It lets you fly.
   It affects your SH (+4).
 E - the ring "Qoetupp" (left hand) {rF++ Int+5 Dex+2 Slay-3}
   (You took it off a deep elf demonologist on level 5 of the Vaults)

   [ring of dexterity]

   It affects your intelligence (+5).
   It affects your dexterity (+2).
   It affects your accuracy and damage with ranged weapons and melee attacks
   (-3).
   It greatly protects you from fire.
 G - the macabre finger necklace {rN+}
   (You found it on level 5 of the Pits of Slime)

   [amulet of nothing]

   It protects you from negative energy.
 K - the ring of Divine Compulsion {rF++ rC- Int+3 SInv}
   (You bought it in a shop on level 7 of the Dungeon)

   [ring of intelligence]

   It affects your intelligence (+3).
   It greatly protects you from fire.
   It makes you vulnerable to cold.
   It lets you see invisible.
Wands
 d - a wand of digging (48)
   (You found it on level 7 of the Dungeon)
 v - a wand of acid (49)
   (You found it on level 7 of the Dungeon)
Scrolls
 f - 25 scrolls of fog
 r - 10 scrolls of identify
 t - 24 scrolls of teleportation {!r}
 u - 51 scrolls of remove curse
 y - 2 scrolls of magic mapping
 D - 11 scrolls of blinking
 L - a scroll of summoning
 R - 6 scrolls of amnesia
 V - 10 scrolls of immolation
Potions
 g - 5 potions of resistance {rF+ rC+}
 h - 15 potions of brilliance
 q - 29 potions of heal wounds
 w - 24 potions of curing
 A - 5 potions of ambrosia
 F - 7 potions of agility
 H - 2 potions of cancellation
 J - 11 potions of flight
 M - 12 potions of haste
 N - 5 potions of magic
 O - 15 potions of invisibility
 Y - 15 potions of mutation
Books
 l - a manual of Armour
   (You found it on level 23 of a ziggurat)
 z - a Necronomicon
   (You found it on level 17 of a ziggurat)
Miscellaneous
 B - a lamp of fire
   (You found it on level 5 of the Lair of Beasts)
 Q - 2 +1 figurines of a ziggurat
 U - 4 phantom mirrors
 Z - a fan of gales
   (You found it on level 4 of the Lair of Beasts)
Comestibles
 e - 68 rations You escaped. You worshipped Vehumet. Vehumet was exalted by your worship. You were not hungry. You were a lich. You visited 18 branches of the dungeon, and saw 90 of its levels. You visited Pandemonium 2 times, and saw 12 of its levels. You visited the Abyss 2 times. You visited 1 bazaar. You completed 1 ziggurat, and saw 27 of its levels. You also visited: Trove, Ice Cave and Wizlab. You collected 10761 gold pieces. You spent 9768 gold pieces at shops.

Dungeon Overview and Level Annotations

Branches:
Dungeon (15/15)            Temple (1/1) D:4            Lair (6/6) D:11
 Shoals (4/4) Lair:2        Snake (4/4) Lair:2        Slime (5/5) Lair:5
    Orc (2/2) D:10            Elf (3/3) Orc:2        Vaults (5/5) D:14
  Crypt (3/3) Vaults:2       Tomb (3/3) Crypt:3      Depths (5/5) D:15
   Hell (1/1)                 Dis (7/7) Hell            Geh (7/7) Hell
    Coc (7/7) Hell            Tar (7/7) Hell            Zot (5/5) Depths:5

Altars:
Ashenzari
Cheibriados
Dithmenos
Fedhas
Gozag
Hepliaklqana
Kikubaaqudgha
Makhleb
Nemelex Xobeh
Okawaru
Qazlal
Sif Muna
Vehumet
Wu Jian
Xom
Zin
Beogh
Jiyva

Shops:
D:7 ==   D:10 (   D:12 :   D:13 }   Orc:2 ?=*[   Elf:1 =}[?   Elf:3 =}=}
Shoals:1 [   Snake:1 %(?![   Snake:3 ?   Vaults:2 %:   Vaults:3 }
Vaults:4 :(((*   Vaults:5 ?!???!!!   Depths:1 =*   Depths:5 (

Portals:
Hell: Depths:1 Depths:2 Depths:3 Depths:4 Depths:5
Abyss: Depths:2 Depths:4 Depths:5
Pandemonium: Depths:1 Depths:3

Annotations:
D:11 exclusions: door and 1 more exclusion

......#.#.# #.# #...##
###.###.### ### ### #.#.#
#....##.### ###.## #.#.#
######....###
###....###...#
##..⌠....#####....⌠..####.#
#.....⌠....#....⌠.....# #.#
#..⌠....⌠.....⌠....⌠..#
#.##
#.....................#
#...
#######....L....#######
#.## ####...#### #...
##...## #### ##..⌠..## ###
## ##.......## #.# .#
##..⌠...⌠..###.# .#
#....(⌠..(..##.# .#
####.......####.# .#
#.#####.#### #.#


There were no monsters in sight!

Notes
Turn   | Place    | Note
-------+----------+-------------------------------------------
     0 | D:1      | theanonym the Deep Elf Wizard began the quest for the Orb.
     0 | D:1      | Reached XP level 1. HP: 10/10 MP: 7/7
   190 | D:1      | Reached XP level 2. HP: 15/15 MP: 2/9
   294 | D:1      | Learned a level 2 spell: Call Imp
   297 | D:1      | Learned a level 2 spell: Blink
   318 | D:1      | Reached skill level 2 in Conjurations
   467 | D:1      | Reached skill level 5 in Spellcasting
   648 | D:1      | Reached XP level 3. HP: 19/19 MP: 8/11
  1157 | D:2      | Learned a level 3 spell: Conjure Flame
  1170 | D:2      | Learned a level 3 spell: Mephitic Cloud
  1362 | D:2      | Found a snail-covered altar of Cheibriados.
  1440 | D:2      | Found a runed door.
  1527 | D:2      | Noticed Crazy Yiuf
  1537 | D:2      | Killed Crazy Yiuf
  1537 | D:2      | Reached skill level 3 in Conjurations
  1537 | D:2      | Reached skill level 2 in Summonings
  1537 | D:2      | Reached XP level 4. HP: 24/24 MP: 9/13
  1709 | D:3      | Reached skill level 1 in Fire Magic
  2428 | D:4      | Noticed an ogre
  2441 | D:4      | Killed an ogre
  2441 | D:4      | Reached skill level 4 in Conjurations
  2441 | D:4      | Reached skill level 2 in Fire Magic
  2441 | D:4      | Reached XP level 5. HP: 28/28 MP: 7/14
  2750 | D:4      | Reached skill level 3 in Summonings
  2893 | D:4      | Reached skill level 1 in Poison Magic
  2967 | D:4      | Reached skill level 1 in Air Magic
  2967 | D:4      | Reached XP level 6. HP: 32/32 MP: 12/15
  3211 | D:4      | Reached skill level 3 in Fire Magic
  3263 | D:4      | Reached skill level 3 in Dodging
  3266 | D:4      | Found a staircase to the Ecumenical Temple.
  3273 | Temple   | Entered the Ecumenical Temple
  3290 | Temple   | Became a worshipper of Vehumet
  3591 | D:3      | Reached skill level 2 in Translocations
  3876 | D:4      | Reached XP level 7. HP: 36/36 MP: 16/17
  3995 | D:4      | Found a shattered altar of Ashenzari.
  3998 | D:4      | Found a shadowy altar of Dithmenos.
  4005 | D:4      | Found a shimmering altar of Xom.
  4135 | D:5      | Entered Level 5 of the Dungeon
  4176 | D:5      | Reached skill level 4 in Dodging
  4176 | D:5      | Reached skill level 6 in Spellcasting
  4291 | D:5      | Learned a level 2 spell: Slow
  4383 | D:5      | Noticed a troll
  4384 | D:5      | Reached skill level 4 in Summonings
  4394 | D:5      | Killed a troll
  4394 | D:5      | Reached skill level 5 in Dodging
  4394 | D:5      | Reached skill level 7 in Spellcasting
  4394 | D:5      | Reached XP level 8. HP: 41/41 MP: 8/20
  5097 | D:5      | Found a burning altar of Makhleb.
  5100 | D:5      | Reached skill level 5 in Summonings
  5130 | D:5      | Reached skill level 6 in Dodging
  5192 | D:5      | Reached skill level 8 in Spellcasting
  5300 | D:5      | HP: 20/41 [wight/enchanted spear (7)]
  5306 | D:5      | HP: 21/42 [giant cockroach (1)]
  5321 | D:5      | Reached skill level 1 in Fighting
  5480 | D:5      | Found an opulent altar of Gozag.
  5549 | D:5      | Reached * piety under Vehumet
  5549 | D:5      | Offered knowledge of Shock by Vehumet.
  5744 | D:6      | Noticed Grinder
  5746 | D:6      | Paralysed by Grinder for 3 turns
  5781 | D:6      | Paralysed by Grinder for 6 turns
  5782 | D:6      | Killed Grinder
  5782 | D:6      | Reached skill level 2 in Fighting
  5782 | D:6      | Reached skill level 7 in Dodging
  5998 | D:6      | Got an ominously black robe {0}
  6014 | D:6      | Identified the +3 robe "Ugorgh" {rPois rN+ Stlth+, 0} (You found it on level 6 of the Dungeon)
  6855 | D:7      | Found Hen Gide's Jewellery Shoppe.
  6873 | D:7      | Reached XP level 9. HP: 49/49 MP: 22/23
  7077 | D:7      | Reached skill level 3 in Fighting
  7278 | D:7      | Found Usaathra's Jewellery Boutique.
  7322 | D:7      | Reached skill level 8 in Dodging
  7350 | D:7      | Found an ornate altar of the Wu Jian Council.
  7430 | D:7      | Found a deep blue altar of Sif Muna.
  7571 | D:8      | Found a stormy altar of Qazlal.
  7803 | D:8      | Noticed Maurice
  7810 | D:8      | Paralysed by Maurice for 7 turns
  7837 | D:8      | Killed Maurice
  7837 | D:8      | Reached skill level 9 in Spellcasting
  8232 | D:8      | Reached skill level 4 in Fighting
  8292 | D:8      | Reached ** piety under Vehumet
  8312 | D:8      | Offered knowledge of Searing Ray by Vehumet.
  8324 | D:8      | Reached skill level 9 in Dodging
  8403 | D:9      | Noticed Erica
  8526 | D:8      | Learned a level 2 spell: Searing Ray
  8572 | D:9      | Noticed Joseph
  8867 | D:9      | Reached skill level 10 in Spellcasting
  8885 | D:9      | Killed Joseph
  9007 | D:9      | Noticed Erolcha
  9017 | D:9      | Noticed a troll
  9033 | D:9      | Killed a troll
  9033 | D:9      | Reached skill level 5 in Conjurations
  9128 | D:7      | Bought an uncursed amulet of faith for 600 gold pieces
  9183 | D:9      | Noticed a queen bee
  9184 | D:9      | Reached XP level 10. HP: 57/57 MP: 26/26
  9184 | D:9      | Reached skill level 5 in Fighting
  9190 | D:9      | Offered knowledge of Inner Flame by Vehumet.
  9198 | D:9      | HP: 21/58 [queen bee (14)]
  9440 | D:9      | Reached *** piety under Vehumet
  9440 | D:9      | Reached skill level 10 in Dodging
  9660 | D:9      | Reached skill level 6 in Conjurations
  9856 | D:9      | Killed Erica
 10255 | D:9      | Offered knowledge of Fulminant Prism by Vehumet.
 10299 | D:9      | Killed Erolcha
 10299 | D:9      | Reached skill level 6 in Fighting
 10306 | D:9      | HP: 22/59 [troll (13)]
 10312 | D:9      | Learned a level 3 spell: Regeneration
 10472 | D:9      | Reached skill level 1 in Charms
 10587 | D:10     | Entered Level 10 of the Dungeon
 10608 | D:10     | Reached skill level 1 in Necromancy
 10782 | D:10     | Reached skill level 2 in Charms
 10896 | D:10     | Reached skill level 2 in Necromancy
 10933 | D:10     | Reached **** piety under Vehumet
 10949 | D:10     | Reached skill level 11 in Dodging
 10949 | D:10     | Reached skill level 3 in Charms
 11134 | D:10     | Reached skill level 11 in Spellcasting
 11299 | D:10     | Offered knowledge of Throw Icicle by Vehumet.
 11299 | D:10     | Reached XP level 11. HP: 65/65 MP: 28/28
 11314 | D:10     | Learned a level 4 spell: Throw Icicle
 11479 | D:10     | Noticed a two-headed ogre
 11493 | D:10     | Killed a two-headed ogre
 11493 | D:10     | Reached skill level 1 in Ice Magic
 11568 | D:10     | Noticed Gastronok
 11587 | D:10     | Killed Gastronok
 11587 | D:10     | Reached skill level 7 in Conjurations
 11587 | D:10     | Reached skill level 3 in Ice Magic
 11628 | D:10     | Found Inkas's Weapon Boutique.
 12010 | D:10     | Found a staircase to the Orcish Mines.
 12190 | Orc:1    | Entered Level 1 of the Orcish Mines
 12280 | Orc:1    | Noticed an orc sorcerer
 12286 | Orc:1    | Killed an orc sorcerer
 12286 | Orc:1    | Reached skill level 7 in Fighting
 12462 | Orc:1    | Reached skill level 4 in Ice Magic
 12486 | Orc:1    | Learned a level 4 spell: Summon Lightning Spire
 12690 | D:11     | HP: 32/66 [something (7)]
 13184 | D:11     | Noticed a tengu warrior
 13195 | D:11     | Killed a tengu warrior
 13195 | D:11     | Reached skill level 2 in Air Magic
 13447 | D:11     | Killed an unseen horror
 13655 | D:11     | Reached ***** piety under Vehumet
 13655 | D:11     | Reached skill level 3 in Air Magic
 13793 | D:11     | Found a staircase to the Lair.
 13816 | D:11     | Offered knowledge of Conjure Ball Lightning by Vehumet.
 13901 | D:11     | Reached skill level 8 in Conjurations
 14147 | D:11     | Killed an unseen horror
 14147 | D:11     | Reached skill level 12 in Dodging
 14147 | D:11     | Reached skill level 4 in Air Magic
 14357 | Lair:1   | Entered Level 1 of the Lair of Beasts
 14721 | Lair:1   | Reached XP level 12. HP: 71/71 MP: 29/29
 14733 | Lair:1   | Noticed a six-headed hydra
 14744 | Lair:1   | Killed a six-headed hydra
 14894 | Lair:1   | Learned a level 4 spell: Summon Ice Beast
 15457 | Lair:2   | Found a staircase to the Shoals.
 15545 | Lair:2   | Found a shimmering altar of Xom.
 15555 | Lair:2   | Found a staircase to the Snake Pit.
 15611 | Lair:2   | Reached skill level 5 in Ice Magic
 15616 | Lair:2   | Reached skill level 5 in Air Magic
 15693 | Lair:2   | Reached skill level 8 in Fighting
 15803 | Lair:2   | Reached skill level 9 in Conjurations
 16244 | Lair:2   | p0werm0de: https://discord.gg/c7pXPV
 16319 | Lair:2   | Found a snail-covered altar of Cheibriados.
 16722 | Lair:3   | Reached skill level 6 in Ice Magic
 17027 | Lair:3   | Noticed a death yak
 17027 | Lair:3   | Noticed a death yak
 17035 | Lair:3   | Noticed a death yak
 17038 | Lair:3   | Killed a death yak
 17040 | Lair:3   | Noticed a death yak
 17041 | Lair:3   | Killed a death yak
 17042 | Lair:3   | Noticed a death yak
 17051 | Lair:3   | Killed a death yak
 17101 | Lair:2   | Killed a death yak
 17417 | Lair:3   | Killed a death yak
 17777 | Lair:4   | Noticed Harold
 17815 | Lair:4   | HP: 30/74 [Harold/bolt of fire (41)]
 18246 | Lair:4   | Killed Harold
 18246 | Lair:4   | Reached skill level 7 in Ice Magic
 18254 | Lair:4   | Reached skill level 13 in Dodging
 18643 | Lair:4   | Reached skill level 1 in Shields
 19146 | Lair:5   | Reached skill level 2 in Shields
 19148 | Lair:5   | Reached XP level 13. HP: 71/78 MP: 12/30
 19384 | Lair:5   | Found a viscous altar of Jiyva.
 19384 | Lair:5   | Found a staircase to the Slime Pits.
 19387 | Lair:5   | You fall through a shaft!
 19387 | Lair:6   | Entered Level 6 of the Lair of Beasts
 19406 | Lair:6   | Reached skill level 3 in Shields
 19672 | Lair:6   | Reached skill level 4 in Shields
 19688 | Lair:6   | Reached skill level 10 in Conjurations
 20193 | Lair:6   | Reached skill level 9 in Fighting
 20243 | Lair:6   | Offered knowledge of Freezing Cloud by Vehumet.
 20564 | Lair:6   | Learned a level 6 spell: Freezing Cloud
 20762 | Lair:6   | Reached skill level 8 in Ice Magic
 20858 | Lair:6   | Reached skill level 12 in Spellcasting
 21526 | Lair:5   | Offered knowledge of Venom Bolt by Vehumet.
 21544 | Lair:5   | Reached ****** piety under Vehumet
 21566 | Lair:5   | Noticed an entropy weaver
 21572 | Lair:5   | Killed an entropy weaver
 21572 | Lair:5   | Reached skill level 6 in Air Magic
 21591 | Lair:5   | Noticed an entropy weaver
 21595 | Lair:5   | Killed an entropy weaver
 21948 | Lair:5   | Reached XP level 14. HP: 85/85 MP: 32/32
 22238 | Lair:6   | Reached skill level 14 in Dodging
 22239 | Lair:6   | Reached skill level 9 in Ice Magic
 22904 | Lair:6   | Reached skill level 3 in Necromancy
 22917 | Lair:6   | Reached skill level 13 in Spellcasting
 23024 | Lair:6   | Reached skill level 10 in Fighting
 23666 | Orc:2    | Entered Level 2 of the Orcish Mines
 23666 | Orc:2    | Noticed Donald
 23686 | Orc:1    | Killed Donald
 23850 | Orc:2    | Offered knowledge of Fireball by Vehumet.
 23861 | Orc:2    | Learned a level 5 spell: Fireball
 24670 | Orc:1    | Got an ancient hat
 24671 | Orc:1    | Identified the +1 hat of Iguraj {-Cast rC+++ MR- Str+4} (You found it on level 1 of the Orcish Mines)
 25171 | Orc:2    | Reached skill level 10 in Ice Magic
 25339 | Orc:2    | Reached skill level 4 in Fire Magic
 26006 | Orc:2    | Offered knowledge of Ozocubu's Refrigeration by Vehumet.
 26178 | Orc:2    | Noticed Saint Roka
 26327 | Orc:2    | HP: 31/87 [Saint Roka/great mace of protection (31)]
 26426 | Orc:2    | Found a roughly hewn altar of Beogh.
 26426 | Orc:2    | Noticed an orc warlord
 26442 | Orc:2    | Killed an orc warlord
 26442 | Orc:2    | Reached skill level 5 in Fire Magic
 26688 | Orc:2    | Found Nuczoy Alogu's Magic Scroll Boutique.
 26693 | Orc:2    | Bought a scroll of fear for 59 gold pieces
 26693 | Orc:2    | Bought a scroll of teleportation for 51 gold pieces
 26693 | Orc:2    | Bought a scroll of teleportation for 51 gold pieces
 26693 | Orc:2    | Bought a scroll of teleportation for 51 gold pieces
 26698 | Orc:2    | Found Zolewec's Jewellery Shop.
 26842 | Orc:2    | Reached skill level 14 in Spellcasting
 27197 | Orc:2    | Found a staircase to the Elven Halls.
 27595 | D:12     | Reached skill level 6 in Fire Magic
 27650 | D:12     | Noticed Rupert
 27667 | D:12     | Killed Rupert
 27700 | D:12     | Noticed Josephine
 27709 | D:12     | Killed Josephine
 27807 | D:12     | Noticed Frances
 27830 | D:12     | Killed Frances
 27937 | D:12     | Offered knowledge of Bolt of Cold by Vehumet.
 27943 | D:12     | Found a frozen archway.
 28001 | IceCv    | Entered an ice cave
 28237 | IceCv    | Reached XP level 15. HP: 93/93 MP: 33/35
 28384 | IceCv    | Reached skill level 7 in Fire Magic
 28469 | IceCv    | Found an ancient bone altar of Kikubaaqudgha.
 28471 | IceCv    | Reached skill level 11 in Fighting
 29461 | D:12     | Found Deotu's Book Boutique.
 29469 | D:12     | Bought a book of the Sky for 1105 gold pieces
 29476 | D:12     | Learned a level 6 spell: Deflect Missiles
 29918 | D:13     | Reached skill level 4 in Charms
 29925 | D:13     | Reached skill level 5 in Charms
 30016 | D:13     | Offered knowledge of Poison Arrow by Vehumet.
 30117 | D:13     | Found Gaddavecuj's Gadget Boutique.
 30238 | D:13     | Reached skill level 15 in Spellcasting
 30239 | D:13     | Reached skill level 6 in Charms
 30254 | D:13     | Reached skill level 7 in Charms
 30323 | D:13     | Reached skill level 8 in Charms
 30471 | D:13     | Learned a level 6 spell: Poison Arrow
 30521 | D:13     | Reached skill level 2 in Poison Magic
 30877 | D:12     | Bought a book of Frost for 595 gold pieces
 30970 | D:14     | Reached skill level 3 in Poison Magic
 31062 | D:14     | Reached skill level 4 in Poison Magic
 31360 | D:14     | Found a gate to the Vaults.
 31756 | D:15     | Entered Level 15 of the Dungeon
 31778 | D:15     | Reached skill level 5 in Poison Magic
 31897 | D:15     | Paralysed by an ogre mage for 4 turns
 32068 | D:14     | Reached skill level 6 in Poison Magic
 32068 | D:14     | Reached skill level 16 in Spellcasting
 32520 | D:15     | Reached XP level 16. HP: 100/100 MP: 29/38
 32525 | D:15     | Learned a level 3 spell: Ozocubu's Armour
 32545 | D:15     | Noticed Sonja
 32548 | D:15     | Killed Sonja
 32612 | D:15     | Reached skill level 17 in Spellcasting
 32759 | D:15     | Reached skill level 9 in Charms
 32917 | D:15     | Found a staircase to the Depths.
 33777 | Orc:2    | Killed Saint Roka
 33971 | Orc:2    | Offered knowledge of Lehudib's Crystal Spear by Vehumet.
 33971 | Orc:2    | Offered knowledge of Glaciate by Vehumet.
 33971 | Orc:2    | Offered knowledge of Shatter by Vehumet.
 34075 | Orc:2    | Reached skill level 10 in Charms
 34099 | Orc:2    | Found a roughly hewn altar of Beogh.
 34158 | Orc:2    | Found Uricuvab's Armour Emporium.
 34212 | Orc:2    | Reached skill level 11 in Conjurations
 34213 | Orc:2    | Found Jufen's Assorted Antiques.
 34228 | Orc:2    | Bought a scroll of identify for 60 gold pieces
 34479 | Snake:1  | Entered Level 1 of the Snake Pit
 34492 | Snake:1  | Found Ycuczu's Magic Scroll Shoppe.
 34496 | Snake:1  | Found Raas's Food Shoppe.
 34497 | Snake:1  | Found Gaobalal's Weapon Shoppe.
 34501 | Snake:1  | Bought a scroll of amnesia for 59 gold pieces
 34504 | Snake:1  | Found Zamnue's Distillery.
 34588 | Snake:1  | Found Veidoirph's Armour Shop.
 34794 | Snake:1  | HP: 47/101 [naga sharpshooter/bolt (5)]
 35522 | Snake:2  | Noticed Vashnia
 35531 | Snake:2  | Killed Vashnia
 35714 | Snake:2  | Reached skill level 12 in Fighting
 35932 | Snake:2  | Noticed Nikola
 35942 | Snake:2  | Killed Nikola
 36256 | Snake:2  | Reached skill level 12 in Conjurations
 36575 | Snake:3  | Noticed Kirke
 36662 | Snake:3  | Reached skill level 15 in Dodging
 36662 | Snake:3  | Reached XP level 17. HP: 106/106 MP: 8/40
 36890 | Snake:3  | Found Vas Man's Magic Scroll Boutique.
 36996 | Snake:3  | Reached skill level 18 in Spellcasting
 37164 | Snake:3  | Learned a level 9 spell: Glaciate
 37173 | Snake:3  | Killed Kirke
 37818 | Snake:4  | Entered Level 4 of the Snake Pit
 38223 | Snake:4  | Reached skill level 11 in Ice Magic
 38393 | Snake:4  | Reached skill level 8 in Fire Magic
 38606 | Snake:4  | Reached skill level 13 in Conjurations
 38821 | Snake:4  | Reached skill level 12 in Ice Magic
 38993 | Snake:4  | Reached skill level 9 in Fire Magic
 39132 | Snake:4  | Reached skill level 13 in Fighting
 39614 | Snake:4  | Reached skill level 13 in Ice Magic
 39614 | Snake:4  | Reached XP level 18. HP: 114/114 MP: 14/42
 39833 | Snake:4  | Got a serpentine rune of Zot
 40209 | Snake:4  | Reached skill level 10 in Fire Magic
 40475 | Snake:4  | Reached skill level 14 in Conjurations
 40541 | Snake:1  | Bought the +0 robe of Evolution {rElec MP+9 Dex-2} for 411 gold pieces
 40614 | Shoals:1 | Entered Level 1 of the Shoals
 40790 | Shoals:1 | Reached skill level 14 in Ice Magic
 40865 | Shoals:1 | Found Unloacyg's Armour Emporium.
 41682 | Shoals:2 | Noticed Polyphemus
 41686 | Shoals:2 | Killed Polyphemus
 41924 | Shoals:3 | Noticed Jorgrun
 41926 | Shoals:3 | Killed Jorgrun
 41926 | Shoals:3 | Reached skill level 15 in Ice Magic
 42000 | Shoals:3 | Noticed Bai Suzhen
 42006 | Shoals:3 | Killed Bai Suzhen
 42350 | Shoals:3 | Reached skill level 14 in Fighting
 42742 | Shoals:4 | Entered Level 4 of the Shoals
 42783 | Shoals:4 | Reached skill level 15 in Conjurations
 42975 | Shoals:4 | Noticed Ilsuiw
 42982 | Shoals:4 | Killed Ilsuiw
 42982 | Shoals:4 | Reached skill level 16 in Ice Magic
 43207 | Shoals:4 | Reached XP level 19. HP: 113/121 MP: 34/43
 43513 | Shoals:4 | Reached skill level 17 in Ice Magic
 43703 | Shoals:4 | Reached skill level 16 in Conjurations
 43754 | Shoals:4 | Got a barnacled rune of Zot
 44086 | Snake:3  | Bought a scroll of amnesia for 52 gold pieces
 44086 | Snake:3  | Bought a scroll of blinking for 112 gold pieces
 44148 | Snake:1  | Bought a +2 cloak of magic resistance for 301 gold pieces
 44198 | Snake:2  | Learned a level 4 spell: Airstrike
 44488 | Elf:1    | Entered Level 1 of the Elven Halls
 44528 | Elf:1    | Found a magical portal.
 44551 | WizLab   | Entered Zonguldrok's Shrine
 44680 | WizLab   | Reached skill level 18 in Ice Magic
 45218 | WizLab   | Noticed an antique lich
 45220 | WizLab   | Noticed a Brimstone Fiend
 45232 | WizLab   | Killed an antique lich
 45358 | WizLab   | Found the +9 sword of Zonguldrok {reap}
 45747 | Elf:1    | Reached skill level 17 in Conjurations
 45874 | Elf:1    | Found Leydor's Magic Scroll Emporium.
 45876 | Elf:1    | Found Vugowentyd's Antique Armour Emporium.
 45876 | Elf:1    | Found Eveo's Gadget Shoppe.
 45885 | Elf:1    | Found Wittemu's Jewellery Shoppe.
 46046 | Elf:1    | HP: 56/121 [deep elf high priest/damnation (21)]
 46142 | Elf:1    | Reached skill level 19 in Ice Magic
 46675 | Elf:2    | Reached XP level 20. HP: 127/127 MP: 40/44
 46764 | Elf:2    | Reached skill level 18 in Conjurations
 46829 | Elf:2    | Found a portal to a secret trove of treasure.
 47027 | Elf:2    | Found a runed gate.
 47029 | Elf:2    | Found a runed gate.
 47029 | Elf:2    | Found a runed gate.
 47516 | Elf:2    | Reached skill level 20 in Ice Magic
 47804 | Elf:3    | Entered Level 3 of the Elven Halls
 47838 | Elf:3    | Found Vienteor's Gadget Emporium.
 47906 | Elf:3    | Reached skill level 19 in Conjurations
 48463 | Elf:3    | Found Ynielui's Jewellery Emporium.
 48463 | Elf:3    | Found Jirhoc's Gadget Boutique.
 48464 | Elf:3    | Found Seamec's Jewellery Emporium.
 49045 | Elf:3    | Got a bound jade ring
 49046 | Elf:3    | Identified the ring of the Morning {rC+ Stlth+} (You took it off a deep elf mage on level 3 of the Elven Halls)
 49120 | Elf:3    | Identified the +3 robe "Pena" {rElec, 0} (You found it on level 3 of the Elven Halls)
 49192 | Elf:3    | Identified the Almanac of Lucky Transmigration
 49215 | Elf:3    | Learned a level 6 spell: Iron Shot
 49341 | Elf:1    | Bought a runed buckler for 187 gold pieces
 49341 | Elf:1    | Bought a runed hat for 175 gold pieces
 49392 | Elf:1    | Bought a scroll of magic mapping for 59 gold pieces
 49392 | Elf:1    | Bought a scroll of teleportation for 51 gold pieces
 49659 | D:7      | Bought the ring of Divine Compulsion {rF++ rC- Int+3 SInv} for 561 gold pieces
 49663 | D:7      | Bought an uncursed ring of ice for 375 gold pieces
 49836 | Vaults:1 | Entered Level 1 of the Vaults
 50101 | Vaults:1 | Reached XP level 21. HP: 119/132 MP: 40/45
 50155 | Vaults:1 | Reached skill level 21 in Ice Magic
 50276 | Vaults:1 | Reached skill level 20 in Conjurations
 50335 | Vaults:1 | Learned a level 5 spell: Dispel Undead
 50346 | Vaults:1 | Learned a level 9 spell: Tornado
 50787 | Vaults:1 | Reached skill level 19 in Spellcasting
 51597 | Vaults:2 | Found a staircase to the Crypt.
 51855 | Vaults:2 | Found Fimuc's Book Shop.
 51873 | Vaults:2 | Bought a book of Cantrips for 380 gold pieces
 51875 | Vaults:2 | Learned a level 1 spell: Apportation
 52111 | Vaults:2 | Reached skill level 4 in Necromancy
 52297 | Vaults:2 | Found Ykitoywo's Food Shoppe.
 52420 | Vaults:3 | Reached skill level 5 in Necromancy
 52429 | Vaults:3 | Found Xakk's Gadget Shoppe.
 52753 | Vaults:3 | Reached skill level 20 in Spellcasting
 53084 | Vaults:3 | Reached skill level 21 in Conjurations
 53096 | Vaults:3 | Reached skill level 22 in Ice Magic
 53096 | Vaults:3 | Reached XP level 22. HP: 137/137 MP: 44/48
 53781 | Vaults:4 | Reached skill level 3 in Translocations
 54062 | Vaults:4 | Found Ynue's General Store.
 54089 | Vaults:4 | Reached skill level 4 in Translocations
 54392 | Vaults:4 | Found Nokot's Antique Weapon Emporium.
 54414 | Vaults:4 | Reached skill level 5 in Translocations
 54550 | Vaults:4 | Found Asuubu's Weapon Shoppe.
 54591 | Vaults:4 | Found Ofiham's Book Shop.
 54677 | Vaults:4 | Found Ineyppor's Weapon Shop.
 54770 | Vaults:4 | Noticed Mennas
 54783 | Vaults:4 | Killed Mennas
 55130 | Crypt:1  | Entered Level 1 of the Crypt
 55396 | Crypt:1  | Reached skill level 16 in Dodging
 56482 | Vaults:4 | Bought a demon blade for 525 gold pieces
 57205 | Elf:2    | You paid a toll of a +5 demon blade to enter a treasure trove
 57206 | Trove    | Entered a treasure trove
 57234 | Trove    | Identified Sif Muna's Almanac of the Creative Oath
 57257 | Trove    | Got a fine steel ring
 57259 | Trove    | Got a bound jade ring
 57261 | Trove    | Got a pitted lead ring
 57262 | Trove    | Identified the ring "Geaps" {+Inv rElec rC+ Str+7 Dex+5} (You found it in a treasure trove)
 57263 | Trove    | Identified the ring of Jeonogru {*Tele rPois MR- Int+3} (You found it in a treasure trove)
 57264 | Trove    | Identified the ring "Tedomutolo" {rElec AC+3 Str+3 Int+2 Slay+2} (You found it in a treasure trove)
 58033 | Crypt:2  | Reached skill level 22 in Conjurations
 58155 | Crypt:1  | Learned a level 5 spell: Aura of Abjuration
 58253 | Crypt:2  | Reached skill level 15 in Fighting
 58549 | Crypt:2  | Reached XP level 23. HP: 144/144 MP: 46/49
 59123 | Crypt:3  | Entered Level 3 of the Crypt
 59455 | Crypt:3  | Reached skill level 17 in Dodging
 59510 | Crypt:3  | Reached skill level 6 in Necromancy
 59887 | Crypt:3  | Noticed an ancient lich
 59891 | Crypt:3  | Killed an ancient lich
 59891 | Crypt:3  | Reached skill level 7 in Necromancy
 59949 | Crypt:3  | Identified the cursed ring of Huawk {*Corrode rN+ MP+9 Int+2 Dex-2} (You took it off a hell knight on level 3 of the Crypt)
 59969 | Crypt:3  | Found an ancient bone altar of Kikubaaqudgha.
 60216 | Crypt:3  | Reached skill level 5 in Shields
 60333 | Crypt:3  | Identified the Catalogue of Dark Arts
 60502 | Crypt:3  | Found a staircase to the Tomb.
 61553 | Depths:1 | Entered Level 1 of the Depths
 61581 | Depths:1 | Identified a scroll of acquirement
 61588 | Depths:1 | Got a translucent pewter amulet
 61589 | Depths:1 | Identified the amulet of Masch {*Corrode rPois rC++ Regen+ Dex+3} (You acquired it on level 1 of the Depths)
 61672 | Depths:1 | Found Esoleut's Jewellery Shop.
 61688 | Depths:1 | Reached skill level 6 in Shields
 61900 | Depths:1 | Reached skill level 7 in Shields
 61956 | Depths:1 | Found Unera's Changing Room.
 62117 | Depths:1 | Reached skill level 8 in Shields
 62187 | Depths:1 | Found a gateway to Hell.
 62230 | Depths:1 | Found a one-way gate leading to the halls of Pandemonium.
 62724 | Depths:2 | Found a flickering gateway to a bazaar.
 62729 | Bazaar   | Entered a bazaar
 62752 | Bazaar   | Found Wuolon's Book Shop.
 62769 | Bazaar   | Found Luguowuu's Distillery.
 62799 | Bazaar   | Found Veusew's Armour Shop.
 62799 | Bazaar   | Found Mudix's Food Boutique.
 62829 | Bazaar   | Bought a potion of experience for 400 gold pieces
 62829 | Bazaar   | Reached skill level 9 in Shields
 62829 | Bazaar   | Reached XP level 24. HP: 151/151 MP: 49/49
 62895 | Depths:2 | Reached skill level 10 in Shields
 63126 | Depths:2 | Reached XP level 25. HP: 156/156 MP: 49/49
 63164 | Depths:2 | Reached skill level 11 in Shields
 63483 | Depths:2 | Found a one-way gate to the infinite horrors of the Abyss.
 63983 | Depths:3 | Reached skill level 12 in Shields
 64588 | Depths:3 | Reached skill level 13 in Shields
 64590 | Depths:3 | Found a sparkling altar of Nemelex Xobeh.
 65469 | Depths:3 | Upgraded the game from 0.22-a0-110-g5b255cf to 0.22-a0-113-gdd6f4a9
 65480 | Depths:4 | Noticed Sojobo
 65704 | Depths:4 | Reached skill level 14 in Shields
 66520 | Depths:4 | HP: 68/156 [flayed ghost/flay_damage (24)]
 67011 | Depths:4 | Reached skill level 15 in Shields
 67202 | Depths:5 | Entered Level 5 of the Depths
 67206 | Depths:5 | Killed Sojobo
 67206 | Depths:5 | Reached skill level 11 in Fire Magic
 67349 | Depths:4 | Reached XP level 26. HP: 161/161 MP: 47/49
 67352 | Depths:5 | Reached skill level 12 in Fire Magic
 67594 | Depths:5 | Reached skill level 13 in Fire Magic
 67995 | Depths:5 | Found Ystetola's Weapon Shop.
 68233 | Depths:5 | Reached skill level 14 in Fire Magic
 68493 | Vaults:4 | Bought a book of Annihilations for 1324 gold pieces
 68504 | Vaults:4 | Learned a level 9 spell: Fire Storm
 68904 | Depths:5 | Found a gate to the Realm of Zot.
 68958 | Depths:5 | Found a gateway to a ziggurat.
 69526 | Vaults:5 | Entered Level 5 of the Vaults
 69529 | Vaults:5 | Reached skill level 15 in Fire Magic
 69551 | Vaults:5 | Reached skill level 16 in Fire Magic
 69704 | Vaults:5 | Noticed an ancient lich
 69868 | Vaults:5 | Reached skill level 17 in Fire Magic
 69869 | Vaults:5 | Killed an ancient lich
 69902 | Vaults:5 | Noticed an ancient lich
 69906 | Vaults:5 | Killed an ancient lich
 69906 | Vaults:5 | Reached skill level 18 in Fire Magic
 70145 | Vaults:5 | Identified Wacwux Bosesh's Handbook of the Vanishing Friends
 70377 | Vaults:5 | Got a shimmering bone ring
 70385 | Vaults:5 | Identified the ring "Laed" {-Tele rElec rC+ rN+ Dex+5} (You took it off an ironheart preserver on level 5 of the Vaults)
 70408 | Vaults:5 | Reached skill level 19 in Fire Magic
 70408 | Vaults:5 | Reached XP level 27. HP: 166/166 MP: 47/49
 70548 | Vaults:5 | Found Kuidghal's Distillery.
 70552 | Vaults:5 | Bought a potion of ambrosia for 112 gold pieces
 70552 | Vaults:5 | Bought a potion of ambrosia for 112 gold pieces
 70552 | Vaults:5 | Bought 2 potions of heal wounds for 140 gold pieces
 70552 | Vaults:5 | Bought a potion of lignification for 42 gold pieces
 70556 | Vaults:5 | Found Reideps's Distillery.
 70568 | Vaults:5 | Found Toshonai's Magic Scroll Shoppe.
 70571 | Vaults:5 | Found Seoden's Magic Scroll Boutique.
 70572 | Vaults:5 | Bought a scroll of blinking for 135 gold pieces
 70572 | Vaults:5 | Bought a scroll of blinking for 135 gold pieces
 70593 | Vaults:5 | Got a silver rune of Zot
 70602 | Vaults:5 | Found Toetawnok's Magic Scroll Shoppe.
 70602 | Vaults:5 | Found Visubone's Distillery.
 70642 | Vaults:5 | Got a heavily runed ivory ring
 70734 | Vaults:5 | Found Qofe's Magic Scroll Emporium.
 70756 | Vaults:5 | Found Uxengil's Distillery.
 70967 | Vaults:5 | Identified the ring "Qoetupp" {rF++ Int+5 Dex+2 Slay-3} (You took it off a deep elf demonologist on level 5 of the Vaults)
 71379 | Slime:1  | Entered Level 1 of the Pits of Slime
 71466 | Slime:3  | Reached skill level 20 in Fire Magic
 71742 | Slime:5  | Entered Level 5 of the Pits of Slime
 71973 | Slime:5  | Noticed the Royal Jelly
 72136 | Slime:5  | Killed the Royal Jelly
 72136 | Slime:5  | Reached skill level 16 in Fighting
 72196 | Slime:5  | Reached skill level 23 in Conjurations
 72273 | Slime:5  | Found the +3 hat of Pondering {ponderous, MR+ MP+10 Int+5}
 72277 | Slime:5  | Found the macabre finger necklace {rN+}
 72300 | Slime:5  | Got a slimy rune of Zot
 72327 | Slime:5  | Identified the Tome of Good Luck
 72383 | Slime:5  | Got a transparent golden amulet
 72384 | Slime:5  | Identified the amulet "Wibb" {+Rage Slay+3 SInv} (You acquired it on level 5 of the Pits of Slime)
 72744 | Zot:1    | Entered Level 1 of the Realm of Zot
 73556 | Zot:2    | Reached skill level 21 in Fire Magic
 73723 | Zot:2    | Reached skill level 2 in Evocations
 73726 | Zot:2    | Reached skill level 3 in Evocations
 73727 | Zot:2    | Reached skill level 4 in Evocations
 73733 | Zot:2    | Reached skill level 5 in Evocations
 73801 | Zot:2    | Reached skill level 6 in Evocations
 73805 | Zot:2    | Reached skill level 7 in Evocations
 73810 | Zot:2    | Reached skill level 8 in Evocations
 73982 | Zot:2    | Identified the ring of Bacilef {rN+ Dex+5} (You acquired it on level 2 of the Realm of Zot)
 74395 | Zot:3    | Reached skill level 9 in Evocations
 74566 | Zot:3    | Reached skill level 10 in Evocations
 74586 | Zot:3    | Reached skill level 11 in Evocations
 74858 | Zot:3    | Reached skill level 12 in Evocations
 75395 | Zot:4    | Reached skill level 13 in Evocations
 75489 | Zot:4    | Reached skill level 14 in Evocations
 76132 | Zot:5    | Entered Level 5 of the Realm of Zot
 76453 | Zot:5    | Noticed an ancient lich
 76456 | Zot:5    | Killed an ancient lich
 76457 | Zot:5    | Noticed an ancient lich
 76459 | Zot:5    | Killed an ancient lich
 76677 | Zot:5    | Reached skill level 15 in Evocations
 76835 | Zot:5    | Identified the amulet of Xom's Malicious Joy {Gourm +Inv MR+++ Str-3 Int-3} (You acquired it on level 5 of the Realm of Zot)
 76850 | Zot:5    | Noticed an ancient lich
 76851 | Zot:5    | Noticed an ancient lich
 76852 | Zot:5    | Killed an ancient lich
 76854 | Zot:5    | Killed an ancient lich
 76865 | Zot:5    | Reached skill level 17 in Fighting
 76902 | Zot:5    | Noticed an orb of fire
 76904 | Zot:5    | Killed an orb of fire
 76904 | Zot:5    | Reached skill level 24 in Conjurations
 77067 | Zot:5    | Reached skill level 22 in Fire Magic
 77091 | Zot:5    | Noticed an orb of fire
 77093 | Zot:5    | Killed an orb of fire
 77662 | Depths:5 | Voluntarily entered the Abyss.
 77804 | Abyss:2  | Reached skill level 7 in Air Magic
 77961 | Abyss:2  | Reached skill level 8 in Air Magic
 78169 | Abyss:2  | Found a stormy altar of Qazlal.
 78181 | Abyss:2  | Reached skill level 9 in Air Magic
 78294 | Abyss:2  | Found a stormy altar of Qazlal.
 78335 | Abyss:2  | wazuzu: grazhdanin, a shto vi delaete?
 78387 | Abyss:2  | Reached skill level 10 in Air Magic
 78564 | Abyss:3  | Reached skill level 11 in Air Magic
 78580 | Abyss:3  | wazuzu: !stalk theanonym
 78581 | Abyss:3  | beem: theanonym the L27 DEWz^Veh in Depths:5 (cxc tiles), T:77662, runes: 4 (slimy, silver, barnacled...), defenses: 10/25/17, stats: 4/49/17, >15 skills: Fighting,Dodging,Shields,Spellcasting,Conjurations,Fire Magic,Ice Magic,Evocations
 78607 | Abyss:3  | wazuzu: runes: 4
 78607 | Abyss:3  | wazuzu: :D
 78636 | Abyss:3  | wazuzu: sublibus est'?
 78636 | Abyss:3  | theanonym: Что?
 78636 | Abyss:3  | wazuzu: sublimation of blood
 78636 | Abyss:3  | theanonym: Не выучил
 78637 | Abyss:3  | Found a corrupted altar of Lugonu.
 78639 | Abyss:3  | wazuzu: chem kashu mannuyu resaesh?
 78642 | Abyss:3  | theanonym: Посохом
 78647 | Abyss:3  | Reached skill level 12 in Air Magic
 78707 | Abyss:3  | theanonym: Тот спелл постоянно под сотку урона наносит
 78709 | Abyss:3  | theanonym: Очень опасный
 78709 | Abyss:3  | wazuzu: fb?
 78709 | Abyss:3  | wazuzu: ili sho?
 78709 | Abyss:3  | theanonym: Ну это вытягивание маны
 78710 | Abyss:3  | wazuzu: a
 78719 | Abyss:3  | Found a corrupted altar of Lugonu.
 78769 | Abyss:3  | wazuzu: nu voobshe da, no s 0 many ty obychno ded
 78776 | Abyss:3  | wazuzu: a s 50% hp 100% many escho zhiv
 78785 | Abyss:3  | Found a corrupted altar of Lugonu.
 78803 | Abyss:3  | wazuzu: btw v chem prikol tak shumet?
 78803 | Abyss:3  | wazuzu: v abisse?
 78825 | Abyss:3  | wazuzu: poprostu iron shot spamit budet proshe
 78825 | Abyss:3  | theanonym: А что ещё делать?
 78825 | Abyss:3  | wazuzu: ili ti skammish?
 78829 | Abyss:3  | Reached skill level 13 in Air Magic
 78852 | Abyss:3  | wazuzu: prosto ti ubil
 78852 | Abyss:3  | wazuzu: nashumel
 78854 | Abyss:3  | wazuzu: escho prishlo
 78865 | Abyss:3  | wazuzu: escho ubil x2
 78866 | Abyss:3  | wazuzu: nashumel x2
 78866 | Abyss:3  | wazuzu: etc
 78961 | Abyss:3  | Reached skill level 14 in Air Magic
 78989 | Abyss:3  | theanonym: Не знаю
 79008 | Abyss:3  | wazuzu: ya vchera gong prines v spider
 79019 | Abyss:3  | wazuzu: v uzhase sjebalsa
 79021 | Abyss:3  | theanonym: Я с ним в соль заходил
 79024 | Abyss:3  | wazuzu: u menya gnsu
 79029 | Abyss:3  | wazuzu: gniloi summonir
 79046 | Abyss:3  | wazuzu: ego chasto pizdyat
 79049 | Abyss:3  | wazuzu: = chasto shumit
 79063 | Abyss:3  | Reached skill level 15 in Air Magic
 79209 | Abyss:3  | theanonym: Последнее время каждый раз по 40 минут тут сижу
 79294 | Abyss:3  | Found a sparkling altar of Nemelex Xobeh.
 79412 | Abyss:3  | Found a corrupted altar of Lugonu.
 79413 | Abyss:3  | wazuzu: nut beak soup rice
 79421 | Abyss:3  | Reached skill level 16 in Air Magic
 79424 | Abyss:3  | wazuzu: https://www.youtube.com/watch?v=8Dctocak6Hw
 79529 | Abyss:3  | Iwannabefree: зе словинские
 79546 | Abyss:3  | wazuzu: nahvatalsa
 79706 | Abyss:3  | wazuzu: >deep red noise in abyss
 79712 | Abyss:3  | wazuzu: >po 40 minut tut sizhu
 79762 | Abyss:3  | Reached skill level 17 in Air Magic
 79828 | Abyss:3  | Iwannabefree: кастеропроблемы
 79848 | Abyss:3  | wazuzu: po tihomu iron shotom dojtti do volta i uzhe tam vso razjebat
 79875 | Abyss:3  | wazuzu: a tut abyss:3 chuvstvuetsa kak abyss:5
 79879 | Abyss:3  | wazuzu: pushto RED NOJS
 79973 | Abyss:3  | Reached skill level 18 in Air Magic
 80012 | Abyss:3  | Lost strength.
 80015 | Abyss:3  | Got an abyssal rune of Zot
 80017 | Abyss:3  | theanonym: Ебать
 80017 | Abyss:3  | theanonym: 0 силы
 80373 | Depths:5 | Escaped the Abyss
 80457 | Depths:1 | Bought a potion of lignification for 39 gold pieces
 80457 | Depths:1 | Bought a potion of lignification for 39 gold pieces
 80736 | Vaults:5 | Bought a scroll of blinking for 135 gold pieces
 80736 | Vaults:5 | Bought a scroll of fog for 36 gold pieces
 80736 | Vaults:5 | Bought a scroll of magic mapping for 63 gold pieces
 80747 | Vaults:5 | Bought 2 potions of heal wounds for 130 gold pieces
 80747 | Vaults:5 | Bought a potion of mutation for 104 gold pieces
 81118 | Snake:3  | Bought a scroll of magic mapping for 52 gold pieces
 81426 | Orc:2    | Bought a +2 pair of boots of running for 539 gold pieces
 81472 | Orc:2    | Bought a scroll of immolation for 105 gold pieces
 81744 | Snake:1  | Bought a potion of magic for 136 gold pieces
 81744 | Snake:1  | Bought 2 potions of heal wounds for 170 gold pieces
 82007 | Zig:1    | Entered Level 1 of a ziggurat
 82021 | Zig:1    | Identified the amulet "Zanwig" {Reflect Slay+3 SH+2} (You acquired it on level 1 of a ziggurat)
 82022 | Zig:1    | Identified the ring "Bax Keot" {rN+ MR++} (You acquired it on level 1 of a ziggurat)
 82024 | Zig:2    | Entered Level 2 of a ziggurat
 82045 | Zig:3    | Entered Level 3 of a ziggurat
 82065 | Zig:4    | Entered Level 4 of a ziggurat
 82087 | Zig:4    | Reached skill level 18 in Fighting
 82089 | Zig:5    | Entered Level 5 of a ziggurat
 82129 | Zig:6    | Entered Level 6 of a ziggurat
 82192 | Zig:7    | Entered Level 7 of a ziggurat
 82246 | Zig:8    | Entered Level 8 of a ziggurat
 82254 | Zig:8    | Noticed an ancient lich
 82254 | Zig:8    | Killed an ancient lich
 82254 | Zig:8    | Reached skill level 16 in Evocations
 82254 | Zig:8    | Killed an ancient lich
 82254 | Zig:8    | Reached skill level 21 in Spellcasting
 82254 | Zig:8    | Reached skill level 25 in Conjurations
 82269 | Zig:8    | Identified the Almanac of Poisoning and Cold
 82271 | Zig:8    | Identified the Papyrus of Enchanting Good Luck
 82296 | Zig:9    | Entered Level 9 of a ziggurat
 82311 | Zig:9    | Noticed an ancient lich
 82313 | Zig:9    | Killed an ancient lich
 82324 | Zig:10   | Entered Level 10 of a ziggurat
 82351 | Zig:10   | Identified the Tome of Feathers and Slavery
 82415 | Zig:11   | Entered Level 11 of a ziggurat
 82427 | Zig:11   | Noticed Giesig the pandemonium lord
 82430 | Zig:11   | Reached skill level 17 in Evocations
 82431 | Zig:11   | Killed Giesig the pandemonium lord
 82431 | Zig:11   | Reached skill level 19 in Fighting
 82431 | Zig:11   | Reached skill level 22 in Spellcasting
 82441 | Zig:11   | Identified Zuosin's Papyrus of Frigorific Darkness
 82449 | Zig:11   | Identified the Almanac of Displacement
 82451 | Zig:11   | Identified the ring of Sozixef {EV+1 Int+4 Dex+2 SInv} (You found it on level 11 of a ziggurat)
 82452 | Zig:11   | Identified the Handbook of Entrancing Shape Shifting
 82507 | Zig:12   | Entered Level 12 of a ziggurat
 82519 | Zig:12   | Noticed an ancient lich
 82521 | Zig:12   | Killed an ancient lich
 82572 | Zig:13   | Entered Level 13 of a ziggurat
 82608 | Zig:13   | Identified the Tome of the Mutagenic Blaze
 82612 | Zig:13   | Identified the Handbook of the Lucky Arsonist
 82623 | Zig:13   | Learned a level 8 spell: Ignition
 82628 | Zig:13   | Identified the Volume of Ice and Transformation
 82632 | Zig:13   | Identified the Papyrus of the Compass and Feathers
 82753 | Zig:14   | Entered Level 14 of a ziggurat
 82766 | Zig:14   | Reached skill level 18 in Evocations
 82800 | Zig:14   | Identified the Tome of Poison and Orientation
 82802 | Zig:14   | Identified Ykhiviat's Disquisition on the Volcanoes and Weightlessness
 82812 | Zig:15   | Entered Level 15 of a ziggurat
 82825 | Zig:15   | Reached skill level 23 in Spellcasting
 82846 | Zig:15   | Got a shimmering jade ring
 82847 | Zig:15   | Identified the ring "Peibepp" {+Blink rPois rF- SInv} (You found it on level 15 of a ziggurat)
 82866 | Zig:15   | Identified the +0 robe of the Scribe {rElec Str+6, 0} (You found it on level 15 of a ziggurat)
 82870 | Zig:15   | Identified the Incunabulum of Translocation and Transmigration
 82876 | Zig:15   | Identified Wenaom's Incunabulum of the Unstable Voyage
 82883 | Zig:16   | Entered Level 16 of a ziggurat
 82921 | Zig:16   | Found the -2 hat of the Alchemist {rElec rPois rF+ rC+ rN+ MR+ rMut rCorr}
 82924 | Zig:16   | Reached skill level 19 in Evocations
 82929 | Zig:16   | Identified the Handbook of the Traveller and Malediction
 82944 | Zig:16   | Identified Turuul's Papyrus of Poisonous Ice
 82971 | Zig:16   | Found the +8 whip "Snakebite" {curare, rPois}
 83022 | Zig:17   | Entered Level 17 of a ziggurat
 83046 | Zig:17   | Reached skill level 20 in Fighting
 83050 | Zig:17   | Reached skill level 24 in Spellcasting
 83076 | Zig:17   | Got a serpentine tin amulet
 83079 | Zig:17   | Identified the amulet "Vimet" {Gourm rElec rF++ Str+2} (You found it on level 17 of a ziggurat)
 83219 | Zig:18   | Entered Level 18 of a ziggurat
 83253 | Zig:18   | Reached skill level 25 in Spellcasting
 83296 | Zig:19   | Entered Level 19 of a ziggurat
 83323 | Zig:19   | Noticed Towasy the pandemonium lord
 83328 | Zig:19   | Noticed Sitrudd the pandemonium lord
 83329 | Zig:19   | Killed Sitrudd the pandemonium lord
 83329 | Zig:19   | Killed Towasy the pandemonium lord
 83330 | Zig:19   | Noticed Afejoq the pandemonium lord
 83330 | Zig:19   | Noticed Otsilowule the pandemonium lord
 83331 | Zig:19   | Killed Enny the pandemonium lord
 83331 | Zig:19   | Reached skill level 26 in Spellcasting
 83331 | Zig:19   | Killed Afejoq the pandemonium lord
 83332 | Zig:19   | Killed Otsilowule the pandemonium lord
 83338 | Zig:19   | Noticed Xoxzoah the pandemonium lord
 83338 | Zig:19   | Noticed Nattu Gainna the pandemonium lord
 83340 | Zig:19   | Killed Xoxzoah the pandemonium lord
 83340 | Zig:19   | Reached skill level 8 in Necromancy
 83340 | Zig:19   | Reached skill level 3 in Transmutations
 83340 | Zig:19   | Killed Ufior the pandemonium lord
 83340 | Zig:19   | Reached skill level 4 in Transmutations
 83340 | Zig:19   | Reached skill level 5 in Transmutations
 83340 | Zig:19   | Reached skill level 6 in Transmutations
 83342 | Zig:19   | Reached skill level 7 in Transmutations
 83343 | Zig:19   | Noticed Ytueczimp the pandemonium lord
 83343 | Zig:19   | Killed Nattu Gainna the pandemonium lord
 83343 | Zig:19   | Reached skill level 9 in Necromancy
 83343 | Zig:19   | Reached skill level 8 in Transmutations
 83344 | Zig:19   | Noticed Doppojaps the pandemonium lord
 83348 | Zig:19   | Killed Ytueczimp the pandemonium lord
 83348 | Zig:19   | Reached skill level 9 in Transmutations
 83349 | Zig:19   | Reached skill level 10 in Transmutations
 83364 | Zig:19   | Killed Hiaqet the pandemonium lord
 83384 | Zig:19   | Learned a level 8 spell: Necromutation
 83393 | Zig:19   | Killed Doppojaps the pandemonium lord
 83393 | Zig:19   | Reached skill level 11 in Transmutations
 83409 | Zig:19   | Got a scintillating ruby amulet
 83410 | Zig:19   | Identified the amulet of Vueqeipt {Spirit rC+ rN+} (You found it on level 19 of a ziggurat)
 83471 | Zig:20   | Entered Level 20 of a ziggurat
 83502 | Zig:20   | Reached skill level 10 in Necromancy
 83503 | Zig:20   | Reached skill level 12 in Transmutations
 83504 | Zig:20   | Reached skill level 11 in Necromancy
 83504 | Zig:20   | Reached skill level 13 in Transmutations
 83512 | Zig:20   | Reached skill level 12 in Necromancy
 83620 | Zig:20   | Gained mutation: You are clumsy. (Dex -2) [potion of mutation]
 83620 | Zig:20   | Gained mutation: You expend magic power (3 MP) to strengthen your wands. [potion of mutation]
 83620 | Zig:20   | Gained mutation: Your muscles are strong. (Str +2) [potion of mutation]
 83621 | Zig:20   | Lost mutation: You expend magic power (3 MP) to strengthen your wands. [potion of mutation]
 83621 | Zig:20   | Lost mutation: You are clumsy. (Dex -2) [potion of mutation]
 83621 | Zig:20   | Lost mutation: Your muscles are strong. (Str +2) [potion of mutation]
 83621 | Zig:20   | Gained mutation: You are somewhat resistant to further mutation. [potion of mutation]
 83622 | Zig:20   | Lost mutation: You are somewhat resistant to further mutation. [potion of mutation]
 83622 | Zig:20   | Gained mutation: You possess an exceptional clarity of mind. [potion of mutation]
 83622 | Zig:20   | Gained mutation: You have sharp toenails. [potion of mutation]
 83623 | Zig:20   | Lost mutation: You possess an exceptional clarity of mind. [potion of mutation]
 83623 | Zig:20   | Gained mutation: Your spells are a little harder to cast, but a little more powerful. [potion of mutation]
 83623 | Zig:20   | Gained mutation: You are partially covered in molten scales. (AC +2) [potion of mutation]
 83624 | Zig:20   | Lost mutation: You are partially covered in molten scales. (AC +2) [potion of mutation]
 83624 | Zig:20   | Lost mutation: Your spells are a little harder to cast, but a little more powerful. [potion of mutation]
 83624 | Zig:20   | Gained mutation: You are robust. (+10% HP) [potion of mutation]
 83624 | Zig:20   | Gained mutation: You are resistant to electric shocks. (rElec) [potion of mutation]
 83624 | Zig:20   | Gained mutation: You have a pair of small horns on your head. [potion of mutation]
 83668 | Zig:21   | Entered Level 21 of a ziggurat
 83684 | Zig:21   | Reached skill level 14 in Transmutations
 83689 | Zig:21   | Reached skill level 13 in Necromancy
 83694 | Zig:21   | Reached skill level 15 in Transmutations
 83717 | Zig:21   | Got a brightly glowing golden ring
 83719 | Zig:21   | Got a warped wooden ring
 83720 | Zig:21   | Identified the ring "Budako" {rC+ rN+ Dex+2 SInv} (You found it on level 21 of a ziggurat)
 83721 | Zig:21   | Identified the ring "Huoziez" {rC+ Str+9 Dex-2} (You found it on level 21 of a ziggurat)
 83741 | Zig:22   | Entered Level 22 of a ziggurat
 83770 | Zig:22   | Reached skill level 14 in Necromancy
 83816 | Zig:22   | Got a scorched lapis lazuli ring
 83817 | Zig:22   | Identified the ring "Deanuemp" {Ice rElec rN+ Dex+3} (You found it on level 22 of a ziggurat)
 83821 | Zig:22   | Identified Lievvoir's Compendium of Darkness
 83845 | Zig:23   | Entered Level 23 of a ziggurat
 83870 | Zig:23   | Reached skill level 15 in Necromancy
 83917 | Zig:23   | Identified Sif Muna's Handbook of Shifting Orientation
 83923 | Zig:23   | Identified Huidoco's Collected Works on the Warped Snowflakes
 83925 | Zig:23   | wazuzu: >ushel na 5 minut
 83932 | Zig:23   | Got a brightly glowing pewter ring
 83933 | Zig:23   | Identified the ring of Zestry {rC++ MR- Int+3 Dex+6} (You found it on level 23 of a ziggurat)
 83934 | Zig:23   | wazuzu: !stalk theanonym
 83935 | Zig:23   | beem: theanonym the L27 DEWz^Veh in Zig:23 (cxc tiles), T:83845, runes: 5 (abyssal, slimy, silver...), defenses: 30/26/17, stats: 4/53/16, >15 skills: Fighting,Dodging,Shields,Spellcasting,Conjurations,Transmutations,Fire Magic,Ice Magic,Air Magic,Evocations
 83938 | Zig:23   | theanonym: RoF не хватает
 83938 | Zig:23   | theanonym: Повер догнать до 200
 83938 | Zig:23   | wazuzu: ili 3-4 inty
 83938 | Zig:23   | wazuzu: prover s ringami esli u tebia est
 83938 | Zig:23   | wazuzu: anraki
 83946 | Zig:24   | Entered Level 24 of a ziggurat
 83976 | Zig:24   | Noticed a juggernaut
 83977 | Zig:24   | Killed a juggernaut
 83978 | Zig:24   | Noticed a juggernaut
 83981 | Zig:24   | Killed a juggernaut
 83989 | Zig:24   | Noticed a juggernaut
 83994 | Zig:24   | Noticed a juggernaut
 83994 | Zig:24   | Killed a juggernaut
 83995 | Zig:24   | Killed a juggernaut
 83995 | Zig:24   | Reached skill level 20 in Evocations
 83997 | Zig:24   | Noticed a juggernaut
 83999 | Zig:24   | Noticed a juggernaut
 83999 | Zig:24   | Tovarisch: броня
 83999 | Zig:24   | Killed a juggernaut
 84001 | Zig:24   | Noticed a juggernaut
 84003 | Zig:24   | Noticed a juggernaut
 84004 | Zig:24   | Killed a juggernaut
 84005 | Zig:24   | Killed a juggernaut
 84010 | Zig:24   | Noticed a juggernaut
 84010 | Zig:24   | wazuzu: bla D:
 84012 | Zig:24   | Noticed a juggernaut
 84012 | Zig:24   | Killed a juggernaut
 84012 | Zig:24   | Reached skill level 23 in Fire Magic
 84014 | Zig:24   | Killed a juggernaut
 84014 | Zig:24   | Reached skill level 21 in Fighting
 84014 | Zig:24   | Killed a juggernaut
 84015 | Zig:24   | theanonym: Не поможет
 84021 | Zig:24   | Noticed a juggernaut
 84022 | Zig:24   | Killed a juggernaut
 84022 | Zig:24   | Reached skill level 26 in Conjurations
 84088 | Zig:24   | Got a scorched lead ring
 84089 | Zig:24   | Identified the ring "Wesaoly" {rN+++ MR+ EV+2 Str-3 Stlth+} (You found it on level 24 of a ziggurat)
 84107 | Zig:24   | Got a pair of polished boots
 84108 | Zig:24   | Identified the +2 pair of boots of Gountera {rPois Str+5} (You found it on level 24 of a ziggurat)
 84115 | Zig:24   | Got a sparkling bone ring
 84116 | Zig:24   | Identified the ring "Zouco" {EV+1 Dex+3} (You found it on level 24 of a ziggurat)
 84130 | Zig:24   | wazuzu: wytrzymales?
 84134 | Zig:25   | Entered Level 25 of a ziggurat
 84175 | Zig:25   | Reached skill level 27 in Spellcasting
 84176 | Zig:25   | Noticed an ancient lich
 84177 | Zig:25   | Reached skill level 18 in Dodging
 84178 | Zig:25   | Killed an ancient lich
 84229 | Zig:25   | Reached skill level 24 in Fire Magic
 84254 | Zig:26   | Entered Level 26 of a ziggurat
 84280 | Zig:26   | theanonym: Так мумии на 26
 84280 | Zig:26   | wazuzu: kek
 84280 | Zig:26   | theanonym: Сейчас -15 силы будет
 84280 | Zig:26   | Tovarisch: удачи
 84280 | Zig:26   | wazuzu: davai ostorozhnei
 84280 | Zig:26   | wazuzu: est shto tihoe?
 84280 | Zig:26   | theanonym: Смысл?
 84280 | Zig:26   | wazuzu: nu ili cblink i ignition mamiyam v eblo
 84280 | Zig:26   | wazuzu: #YOLO
 84280 | Zig:26   | wazuzu: http://i0.kym-cdn.com/photos/images/original/001/033/512/d3a.jpg
 84280 | Zig:26   | theanonym: Я так и не освоил эту тактику
 84280 | Zig:26   | theanonym: Главное есть кольцо +7 силы
 84280 | Zig:26   | wazuzu: potki mighta est?
 84280 | Zig:26   | wazuzu: shtoby ne pomeret poka kolco pereodevaesh
 84280 | Zig:26   | wazuzu: :V
 84280 | Zig:26   | theanonym: Лич не может пить
 84288 | Zig:26   | wazuzu: hm
 84290 | Zig:26   | wazuzu: eto v:5
 84290 | Zig:26   | theanonym: Не мумии что ли
 84290 | Zig:26   | wazuzu: ne tumba
 84290 | Zig:26   | wazuzu: keeeek
 84297 | Zig:26   | wazuzu: rossloblai svinkter
 84315 | Zig:26   | Killed an ancient lich
 84315 | Zig:26   | Reached skill level 19 in Dodging
 84318 | Zig:26   | Killed an ancient lich
 84319 | Zig:26   | Noticed an ancient lich
 84320 | Zig:26   | Killed an ancient lich
 84327 | Zig:26   | Reached skill level 27 in Conjurations
 84332 | Zig:26   | Noticed an ancient lich
 84334 | Zig:26   | Killed an ancient lich
 84334 | Zig:26   | Reached skill level 22 in Fighting
 84336 | Zig:26   | Noticed an ancient lich
 84337 | Zig:26   | Killed an ancient lich
 84343 | Zig:26   | Noticed an ancient lich
 84343 | Zig:26   | Killed an ancient lich
 84347 | Zig:26   | Noticed an ancient lich
 84348 | Zig:26   | Killed an ancient lich
 84348 | Zig:26   | Reached skill level 20 in Dodging
 84406 | Zig:26   | Identified the Catalogue of Feathery Venom
 84414 | Zig:26   | Got a coiled tin ring
 84415 | Zig:26   | Identified the ring of Lalif {-Tele +Fly rElec Int+5 Dex+2} (You found it on level 26 of a ziggurat)
 84424 | Zig:27   | Entered Level 27 of a ziggurat
 84454 | Zig:27   | wazuzu: ooo, andedy
 84457 | Zig:27   | wazuzu: hm, hell shtole
 84466 | Zig:27   | Reached skill level 25 in Fire Magic
 84508 | Zig:27   | theanonym: Какая-то полная хрень, хоть бы пару панлордов сунули
 84526 | Zig:27   | Found the +4 Vampire's Tooth {vamp}
 84532 | Zig:27   | Got a vibrating silver ring
 84535 | Zig:27   | Got a sparkling iron amulet
 84536 | Zig:27   | Identified the ring "Onimi" {MR+ Str-5 Int+2 Dex+2} (You found it on level 27 of a ziggurat)
 84537 | Zig:27   | Identified the amulet of Relativism {Reflect +Fly Str+4 Int+7 Slay+3 SH+4} (You found it on level 27 of a ziggurat)
 84539 | Zig:27   | Tovarisch: на второй круг?
 84539 | Zig:27   | theanonym: Устал уже шторм тыкать
 84546 | Zig:27   | Identified the Volume of Dislocation and Transformation
 84660 | Zig:27   | theanonym: Фигурину хорошо с собой таскать, она за 2 хода из любой ситуации спасает
 84660 | Zig:27   | theanonym: С тобой никто не заходит в зиг
 84660 | Zig:27   | Tovarisch: дурных нэма :D
 84660 | Zig:27   | theanonym: Так у меня прошлый раз в аду появились в упор два тзитзимитла и нимфа с сайленсом, я просто в зиг зашёл пока они мне диспелов не накидали
 84660 | Zig:27   | wazuzu: цицимитль
 84660 | Zig:27   | wazuzu: за што ты так не любишь русский езык?
 84660 | Zig:27   | theanonym: Они называют монстров случайными буквами
 84665 | Depths:5 | wazuzu: https://en.wikipedia.org/wiki/Tzitzimitl
 84665 | Depths:5 | theanonym: Ого
 84665 | Depths:5 | wazuzu: Только 6:30
 84665 | Depths:5 | wazuzu: ??sixfirhy
 84665 | Depths:5 | beem: sixfirhy[1/5]: An extremely fast 4-class demon with an elec melee attack and lots of EV. They move in an uneven way, falling behind then catching up. Don't underestimate them.
 84665 | Depths:5 | wazuzu: ??sixfirhy[2
 84665 | Depths:5 | beem: sixfirhy[2/5]: Is speed 40, 0.6 move, e.g. 66.666... speed when moving (where normal human is 10). BUT, it only actually moves 8 out of every 24 attempts in a 'clock' cycle, making its effective average move speed 22.222... but distributed into spurts.
 84665 | Depths:5 | wazuzu: ??sixfirhy[3
 84665 | Depths:5 | beem: sixfirhy[3/5]: Unlike neqoxecs, Ilsuiw, ynoxinuls and Kikubaaqudgha which are merely suspected of being named by a cat, this one is known to be.
 84665 | Depths:5 | wazuzu: ??sixfirhy[4
 84665 | Depths:5 | beem: sixfirhy[4/5]: 01:27 < timecircuits> sxFR:?)hyyyyyyyy-\-
 84665 | Depths:5 | Tovarisch: А как же культурная экспроприация? Я дочка тенотчитланского ацтека, у нас не так все однозначно.
 84665 | Depths:5 | wazuzu: у ацтеков нормально было кожу наживую снимать, как у современных мексиканцев
 84665 | Depths:5 | wazuzu: можно я с тебя сниму?
 84665 | Depths:5 | Tovarisch: только крайнюю плоть и очень осторожно
 84665 | Depths:5 | wazuzu: не сидел бы с рабочего ноута, накидал бы шок контента
 84665 | Depths:5 | wazuzu: с меня спросят, если я на работе буду гуглить mexican cartel executionbs
 84665 | Depths:5 | Tovarisch: бля в воскресенье на работе, ты ебанулся?
 84665 | Depths:5 | wazuzu: мне за пинание хуев и игру в кравл в 2 дня дадут 2 выходных посреди недели и ещё бонусом 150 баксов
 84665 | Depths:5 | wazuzu: конечно ебанулся
 84665 | Depths:5 | Tovarisch: Тогда нормас
 84665 | Depths:5 | Tovarisch: погуглил кстати, креативные ребята
 84857 | Vaults:2 | theanonym: Роф не помещается
 84857 | Vaults:2 | theanonym: Может если докачаю огонь будет 200 повер
 84857 | Vaults:2 | wazuzu: 58 штен
 84857 | Vaults:2 | wazuzu: 99ю95% игвуе
 84857 | Vaults:2 | wazuzu: бля
 84857 | Vaults:2 | wazuzu: ,eltn
 84857 | Vaults:2 | wazuzu: b000det
 84857 | Vaults:2 | wazuzu: igvue
 84857 | Vaults:2 | wazuzu: nado tak monstra nazvat
 85044 | Tomb:1   | Entered Level 1 of the Tomb of the Ancients
 85158 | Tomb:1   | wazuzu: btw gde mozhna posmotret damage formulu na irradiate?
 85158 | Tomb:1   | wazuzu: !lg . gnwz
 85158 | Tomb:1   | beem: 3. wazuzu the Thaumaturge (L17 GnWz of Ashenzari), slain by a redback on Spider:2 on 2018-01-19 16:01:33, with 127860 points after 30692 turns and 2:42:41.
 85158 | Tomb:1   | wazuzu: !lg . gnwz -log
 85158 | Tomb:1   | beem: 3. wazuzu, XL17 GnWz, T:30692: http://crawl.xtahua.com/crawl/morgue/wazuzu/morgue-wazuzu-20180119-160133.txt
 85158 | Tomb:1   | theanonym: На вики может быть
 85247 | Tomb:1   | wazuzu: 77 raz kastanul
 85247 | Tomb:1   | wazuzu: zharit horosho
 85247 | Tomb:1   | wazuzu: yakov ebalo tolko tak
 85248 | Tomb:1   | wazuzu: v early
 85248 | Tomb:1   | theanonym: Мутируешь потом
 85248 | Tomb:1   | theanonym: Робуст 3
 85248 | Tomb:1   | wazuzu: 3-4 raza safe
 85253 | Tomb:1   | wazuzu: posle 2 raz redko kto vyzhivaet
 85256 | Tomb:1   | Reached skill level 26 in Fire Magic
 85388 | Tomb:1   | Noticed a greater mummy
 85390 | Tomb:1   | Killed a greater mummy
 85394 | Tomb:1   | Noticed a greater mummy
 85394 | Tomb:1   | wazuzu: netu damaga
 85397 | Tomb:1   | wazuzu: ??irradiate
 85397 | Tomb:1   | beem: irradiate[1/2]: L5 Tm/Cj. Does nontrivial damage to all adjacent enemies and {malmutate}s them, at the cost of significant contam (zero to yellow in 3-4 casts). Contamination from one cast is 1000+1d500.
 85399 | Tomb:1   | Killed a greater mummy
 85400 | Tomb:1   | wazuzu: ??irradiate[2
 85400 | Tomb:1   | beem: misshapen and mutated[1/1]: Examined monster is malmutated; -8 AC, -25% HD (for spellpower, accuracy, etc). In 0.16, stacked for -4 AC & -10% HD a hit; in 0.15 and earlier, stacked & gave speed, armour, evasion & damage penalties. Also, it was permanent (unless cured by Beogh).
 85400 | Tomb:1   | wazuzu: >nontrivial
 85400 | Tomb:1   | wazuzu: >ebet
 85565 | Tomb:1   | wazuzu: also power cap 200
 85660 | Tomb:2   | Noticed an ancient lich
 85660 | Tomb:2   | Noticed a greater mummy
 85661 | Tomb:2   | Noticed a greater mummy
 85661 | Tomb:2   | Noticed a greater mummy
 85663 | Tomb:2   | Reached skill level 23 in Fighting
 85665 | Tomb:2   | Killed an ancient lich
 85666 | Tomb:2   | Killed a greater mummy
 85666 | Tomb:2   | Killed a greater mummy
 85670 | Tomb:2   | Killed a greater mummy
 85920 | Tomb:1   | Noticed a greater mummy
 85924 | Tomb:1   | Killed a greater mummy
 85933 | Tomb:1   | Noticed a greater mummy
 85934 | Tomb:1   | Killed a greater mummy
 85940 | Tomb:1   | Noticed a greater mummy
 85940 | Tomb:1   | Noticed a greater mummy
 85943 | Tomb:1   | Killed a greater mummy
 85943 | Tomb:1   | Killed a greater mummy
 86013 | Tomb:1   | Noticed a greater mummy
 86017 | Tomb:1   | Killed a greater mummy
 86030 | Tomb:1   | Noticed a greater mummy
 86032 | Tomb:1   | Killed a greater mummy
 86032 | Tomb:1   | Reached skill level 24 in Fighting
 86042 | Tomb:1   | Noticed a greater mummy
 86044 | Tomb:1   | Killed a greater mummy
 86069 | Tomb:1   | Noticed a greater mummy
 86071 | Tomb:1   | Killed a greater mummy
 86074 | Tomb:1   | Noticed a greater mummy
 86078 | Tomb:1   | Killed a greater mummy
 86080 | Tomb:1   | Noticed a greater mummy
 86082 | Tomb:1   | Killed a greater mummy
 86085 | Tomb:1   | Noticed a greater mummy
 86094 | Tomb:1   | Killed a greater mummy
 86115 | Tomb:1   | Noticed a greater mummy
 86117 | Tomb:1   | Killed a greater mummy
 86143 | Tomb:1   | Noticed a greater mummy
 86145 | Tomb:1   | Killed a greater mummy
 86150 | Tomb:1   | Noticed a greater mummy
 86151 | Tomb:1   | Killed a greater mummy
 86156 | Tomb:1   | Noticed a greater mummy
 86157 | Tomb:1   | Killed a greater mummy
 86187 | Tomb:1   | Noticed a greater mummy
 86189 | Tomb:1   | Killed a greater mummy
 86238 | Tomb:1   | Noticed a greater mummy
 86242 | Tomb:1   | Noticed a greater mummy
 86242 | Tomb:1   | Killed a greater mummy
 86243 | Tomb:1   | Killed a greater mummy
 86352 | Tomb:3   | Entered Level 3 of the Tomb of the Ancients
 86360 | Tomb:3   | Noticed a greater mummy
 86364 | Tomb:3   | Noticed a greater mummy
 86364 | Tomb:3   | Killed a greater mummy
 86365 | Tomb:3   | Killed a greater mummy
 86372 | Tomb:3   | Noticed a greater mummy
 86374 | Tomb:3   | Noticed a greater mummy
 86375 | Tomb:3   | Reached skill level 21 in Evocations
 86375 | Tomb:3   | Killed a greater mummy
 86376 | Tomb:3   | Killed a greater mummy
 86377 | Tomb:3   | Noticed an ancient lich
 86380 | Tomb:3   | Killed an ancient lich
 86460 | Tomb:3   | Found the +4 arc blade {discharge, rElec}
 86466 | Tomb:3   | Identified the amulet of Surprise {Harm *Drain rC+ Int+4} (You found it on level 3 of the Tomb of the Ancients)
 86470 | Tomb:3   | wazuzu: hahaha
 86470 | Tomb:3   | wazuzu: suk
 86470 | Tomb:3   | wazuzu: Amulet of surprise
 86470 | Tomb:3   | wazuzu: drain
 86470 | Tomb:3   | wazuzu: a potom escho drain
 86481 | Tomb:3   | wazuzu: surprise, 5 levelov draina
 86489 | Tomb:3   | Noticed a greater mummy
 86494 | Tomb:3   | Killed a greater mummy
 86509 | Tomb:3   | Noticed a greater mummy
 86512 | Tomb:3   | Killed a greater mummy
 86516 | Tomb:3   | Noticed a greater mummy
 86517 | Tomb:3   | Killed a greater mummy
 86517 | Tomb:3   | Reached skill level 27 in Fire Magic
 86549 | Tomb:3   | Got a golden rune of Zot
 86652 | Tomb:1   | wazuzu: ??*drain
 86652 | Tomb:1   | beem: *drain[1/1]: A randart property which drains you (ignoring rN) when you unequip it.
 86652 | Tomb:1   | wazuzu: ??harm
 86652 | Tomb:1   | beem: amulet of harm[1/1]: Increases damage done by the wearer by 30% and to the wearer by 20%. Applied after AC. It applies to damage from melee, ranged, spells, abilities, evocations, clouds, falling down stairs, etc. Drains you on removal.
 86667 | Tomb:1   | wazuzu: zot
 87085 | Depths:1 | theanonym: Повер так и не набрал
 87085 | Depths:1 | theanonym: 27/27/27, 58 инты
 87085 | Depths:1 | wazuzu: 2 enhancera, 58 inty ne hvatat?
 87085 | Depths:1 | theanonym: Только посох, роба у меня левая какая-то
 87085 | Depths:1 | theanonym: Зато 9 маны
 87085 | Depths:1 | wazuzu: kek nu
 87086 | Pan      | Entered Pandemonium
 87087 | Pan      | wazuzu: togda nado 70 inty shtole
 87087 | Pan      | wazuzu: pogodi
 87087 | Pan      | wazuzu: vehu zhe daet enhancer
 87087 | Pan      | wazuzu: ne?
 87087 | Pan      | theanonym: О, сразу к демонической руне закинуло
 87087 | Pan      | theanonym: Нет он только шанс каста даёт
 87087 | Pan      | wazuzu: ok
 87087 | Pan      | wazuzu: aaaa
 87087 | Pan      | wazuzu: wizardry
 87087 | Pan      | wazuzu: zabyl
 87087 | Pan      | wazuzu: ne enhancer
 87110 | Pan      | Reached skill level 1 in Earth Magic
 87167 | Pan      | Reached skill level 2 in Earth Magic
 87183 | Pan      | Reached skill level 3 in Earth Magic
 87226 | Pan      | Reached skill level 4 in Earth Magic
 87276 | Pan      | wazuzu: a hule, lore-wise, v pane delaet tso?
 87277 | Pan      | wazuzu: tipa outpost protiv sil ada?
 87279 | Pan      | wazuzu: *demonov
 87281 | Pan      | theanonym: Здесь нет лора
 87308 | Pan      | Reached skill level 5 in Earth Magic
 87339 | Pan      | Found a glowing golden altar of the Shining One.
 87345 | Pan      | Noticed a seraph
 87355 | Pan      | Killed a seraph
 87358 | Pan      | Got a demonic rune of Zot
 87539 | Pan      | Reached skill level 6 in Earth Magic
 87736 | Pan      | Reached skill level 7 in Earth Magic
 87791 | Pan      | wazuzu: logika est'
 87792 | Pan      | Reached skill level 25 in Fighting
 87792 | Pan      | Reached skill level 8 in Earth Magic
 87811 | Pan      | Reached skill level 22 in Evocations
 87812 | Pan      | wazuzu: v chom logika holypana
 87821 | Pan      | Noticed Vyoher the pandemonium lord
 87827 | Pan      | Killed Vyoher the pandemonium lord
 87836 | Pan      | theanonym: Логики тоже нет
 87855 | Pan      | theanonym: Гаргулья один раз тратит голод на полёт и потом всю игру бесплатно летает
 87921 | Pan      | wazuzu: mb prosto shtoby bylo raznoobrazno
 87970 | Pan      | Reached skill level 9 in Earth Magic
 87979 | Pan      | wazuzu: ti takoi prihodish s holy wrtathom
 87987 | Pan      | wazuzu: vykinul drugie weapony
 88001 | Pan      | wazuzu: tipa nahui, tok extended ostalsa
 88001 | Pan      | Entered the realm of Lom Lobon.
 88002 | Pan      | wazuzu: i tebe pizdyk - holypan
 88007 | Pan      | Found an exit through the horrors of the Abyss.
 88019 | Pan      | wazuzu: i mennas v ebalo
 88019 | Pan      | theanonym: Ментос там не водится
 88019 | Pan      | theanonym: Он падший ангел типа
 88023 | Pan      | wazuzu: on v pane voditsa
 88062 | Pan      | Reached skill level 10 in Earth Magic
 88065 | Pan      | wazuzu: ??hell beast
 88065 | Pan      | beem: hell beast[1/1]: An abominable crossbreed of beast and man that makes horrible barking noises. Bark bark bark bark bark. Tramples - look out!
 88065 | Pan      | wazuzu: bark bark
 88065 | Pan      | wazuzu: kids, don't racemix
 88065 | Pan      | wazuzu: D:
 88076 | Pan      | Reached skill level 1 in Armour
 88076 | Pan      | Reached skill level 3 in Stealth
 88284 | Pan      | Noticed Lom Lobon
 88290 | Pan      | Killed Lom Lobon
 88290 | Pan      | Reached skill level 4 in Stealth
 88336 | Pan      | Got a magical rune of Zot
 88377 | Pan      | Entered the realm of Mnoleg.
 88389 | Pan      | Reached skill level 5 in Stealth
 88422 | Pan      | Noticed Mnoleg
 88425 | Pan      | Killed Mnoleg
 88425 | Pan      | Reached skill level 6 in Stealth
 88430 | Pan      | Reached skill level 21 in Dodging
 88431 | Pan      | Reached skill level 11 in Earth Magic
 88483 | Pan      | Got a glowing rune of Zot
 88513 | Pan      | Reached skill level 7 in Stealth
 88523 | Depths:1 | Escaped Pandemonium
 88525 | Pan      | Entered the realm of Gloorx Vloq.
 88525 | Pan      | Entered Pandemonium
 88640 | Pan      | Reached skill level 8 in Stealth
 88640 | Pan      | Reached skill level 23 in Evocations
 88667 | Pan      | Noticed Gloorx Vloq
 88673 | Pan      | Killed Gloorx Vloq
 88723 | Pan      | Got a dark rune of Zot
 88730 | Pan      | Reached skill level 9 in Stealth
 88743 | Pan      | Found an exit through the horrors of the Abyss.
 88828 | Pan      | Reached skill level 12 in Earth Magic
 88839 | Pan      | Entered the realm of Cerebov.
 88942 | Pan      | Got a slimy ivory ring
 88943 | Pan      | Identified the ring "Feajadef" {+Blink Int+2 Dex+2} (You found it in Pandemonium)
 88947 | Pan      | Got a vibrating wooden ring
 88948 | Pan      | Identified the ring of Pefoza {*Drain +Blink Int+8 Dex+5 Slay+6} (You found it in Pandemonium)
 88951 | Pan      | wazuzu: uhuhuhu
 88951 | Pan      | wazuzu: zhalko shto govno
 88953 | Pan      | theanonym: 62 инт и повера нет
 88953 | Pan      | wazuzu: nado 2 enhancera
 88953 | Pan      | wazuzu: staff i ring
 88953 | Pan      | wazuzu: ili 2 ringa
 88953 | Pan      | wazuzu: ili rof i ring ili staff
 88985 | Pan      | Reached skill level 10 in Stealth
 88995 | Pan      | wazuzu: esli 3 enhancera to nado pis'ku int sovsem, i 27 skilla ne obyazon
 89014 | Pan      | wazuzu: a bolshe 3 ne stakaetsa
 89035 | Pan      | wazuzu: ??staff of conjuration
 89037 | Pan      | beem: staff of conjuration[1/1]: Acts as one spell {enhancer} for all Conjurations spells. That's it!
 89042 | Pan      | wazuzu: hmm
 89052 | Pan      | Noticed Cerebov
 89052 | Pan      | wazuzu: t.e. ignition, shatter, etc ne rabutayut
 89053 | Pan      | wazuzu: govno
 89063 | Pan      | theanonym: Чёт охуевший он
 89181 | Pan      | Killed Cerebov
 89181 | Pan      | Reached skill level 13 in Earth Magic
 89194 | Pan      | wazuzu: ??glaciate
 89195 | Pan      | beem: glaciate[1/1]: The replacement for Ice Storm in 0.14+, firing a cone of cold that does the same damage as ice storm in the first five squares, the damage falling off after that. Like its predecessor, is L9 Ice/Conj and leaves freezing clouds. Turns killed monsters into blocks of ice and slows down the survivors. 55% of its damage is resisted with AC only.
 89196 | Pan      | Got a fiery rune of Zot
 89229 | Pan      | wazuzu: >the damage falling off after that.
 89259 | Pan      | Found an exit through the horrors of the Abyss.
 89271 | Pan      | Took an exit into the Abyss.
 89271 | Abyss:1  | Escaped into the Abyss
 89272 | Abyss:1  | Reached skill level 22 in Dodging
 89291 | Depths:1 | Escaped the Abyss
 89325 | Hell     | Entered the Vestibule of Hell
 89325 | Hell     | Noticed Geryon
 89331 | Hell     | Killed Geryon
 89419 | Hell     | Found a gateway to the freezing wastes of Cocytus.
 89458 | Coc:1    | Entered Level 1 of Cocytus
 89459 | Coc:1    | theanonym: Это первая игра где я в основном с глейсом бегал
 89459 | Coc:1    | theanonym: Вех не дал шторм, а книгу только к 27 нашёл
 89513 | Coc:2    | Reached skill level 14 in Earth Magic
 89561 | Coc:3    | Reached skill level 24 in Evocations
 89714 | Coc:7    | Entered Level 7 of Cocytus
 89764 | Coc:7    | Reached skill level 23 in Dodging
 89846 | Coc:7    | Reached skill level 15 in Earth Magic
 89999 | Coc:7    | Reached skill level 16 in Earth Magic
 90040 | Coc:7    | Reached skill level 25 in Evocations
 90057 | Coc:7    | Noticed Antaeus
 90064 | Coc:7    | Killed Antaeus
 90064 | Coc:7    | Reached skill level 24 in Dodging
 90101 | Coc:7    | Got an icy rune of Zot
 90161 | Hell     | Found a gateway to the decaying netherworld of Tartarus.
 90184 | Tar:1    | Entered Level 1 of Tartarus
 90370 | Tar:2    | Reached skill level 17 in Earth Magic
 91128 | Tar:3    | Reached skill level 25 in Dodging
 91146 | Tar:3    | Reached skill level 18 in Earth Magic
 91311 | Tar:5    | You fall through a shaft!
 91330 | Tar:7    | Entered Level 7 of Tartarus
 91712 | Tar:7    | Noticed Ereshkigal
 91956 | Tar:7    | Got a bone rune of Zot
 91971 | Tar:7    | Killed Ereshkigal
 92044 | Hell     | Found a gateway to the ashen valley of Gehenna.
 92087 | Geh:1    | Entered Level 1 of Gehenna
 92382 | Geh:6    | Reached skill level 26 in Dodging
 92464 | Geh:7    | Entered Level 7 of Gehenna
 92539 | Geh:7    | Reached skill level 26 in Evocations
 92569 | Geh:7    | Noticed Asmodeus
 92575 | Geh:7    | HP: 102/213 [Asmodeus/damnation (36)]
 92576 | Geh:7    | Killed Asmodeus
 92589 | Geh:7    | HP: 105/214 [golden dragon skeleton (4)]
 92617 | Geh:7    | Got an obsidian rune of Zot
 92705 | Geh:7    | Noticed the Serpent of Hell
 92717 | Geh:7    | Killed the Serpent of Hell
 92767 | Geh:7    | Reached skill level 26 in Fighting
 92779 | Geh:7    | HP: 89/215 [Brimstone Fiend/damnation (29)]
 92787 | Geh:7    | HP: 89/215 [cloud of freezing vapour (3)]
 92817 | Geh:7    | HP: 101/215 [cloud of freezing vapour (2)]
 92860 | Geh:7    | HP: 106/215 [cloud of freezing vapour (3)]
 92877 | Hell     | Found a gateway to the Iron City of Dis.
 92947 | Hell     | Learned a level 9 spell: Shatter
 92948 | Dis:1    | Entered Level 1 of the Iron City of Dis
 92960 | Dis:1    | Reached skill level 27 in Evocations
 93015 | Dis:2    | Reached skill level 19 in Earth Magic
 93064 | Dis:4    | Reached skill level 11 in Stealth
 93109 | Dis:7    | Entered Level 7 of the Iron City of Dis
 93220 | Dis:7    | Reached skill level 20 in Earth Magic
 93225 | Dis:7    | Noticed Dispater
 93245 | Dis:7    | Killed Dispater
 93272 | Dis:7    | Got an iron rune of Zot
 93308 | Dis:7    | Reached skill level 21 in Earth Magic
 93606 | Zot:5    | Got the Orb of Zot
 93671 | Zot:3    | Noticed Rimekh the pandemonium lord
 93674 | Zot:3    | Killed Rimekh the pandemonium lord
 93674 | Zot:3    | Reached skill level 22 in Earth Magic
 94136 | D:$      | Escaped with the Orb!

Vanquished Creatures
  Cerebov (Pan)
  Antaeus (Coc:7)
  the Royal Jelly (Slime:5)
  Asmodeus (Geh:7)
  14 pandemonium lords
  Ereshkigal (Tar:7)
  the Serpent of Hell (Geh:7)
  Gloorx Vloq (Pan)
  A seraph (Pan)
  Lom Lobon (Pan)
  Mnoleg (Pan)
  Dispater (Dis:7)
  2 orbs of fire (Zot:5)
  Mennas (Vaults:4)
  21 ancient liches
  10 juggernauts (Zig:24)
  Sojobo (Depths:5)
  29 greater mummies
  Saint Roka (Orc:2)
  14 shard shrikes
  2 caustic shrikes (Depths:4)
  14 Killer Klowns
  Bai Suzhen (Shoals:3)
  Geryon (Hell)
  Vashnia (Snake:2)
  22 golden dragons
  Nikola (Snake:2)
  7 profane servitors
  15 bone dragons
  18 Brimstone Fiends
  22 Tzitzimimeh
  5 doom hounds
  A shard shrike zombie (Crypt:1)
  14 electric golems
  7 iron giants
  32 tentacled monstrosities
  Jorgrun (Shoals:3)
  11 Ice Fiends
  A hellephant (Pan)
  5 Hell Sentinels (Dis:7)
  22 Orb Guardians (Zot:5)
  14 titans
  12 liches
  9 quicksilver dragons
  6 deep elf blademasters
  21 tentacled starspawn
  3 deep elf master archers
  14 Executioners
  15 sphinxes
  41 acid blobs
  Frances (D:12)
  Polyphemus (Shoals:2)
  6 death cobs
  An eldritch tentacle (Tar:2)
  22 ancient champions
  Gastronok (D:10)
  2 thorn hunters (Zig:18)
  8 tengu reavers
  Donald (Orc:1)
  6 draconian monks
  24 shadow dragons
  29 storm dragons
  20 revenants
  21 azure jellies
  Kirke (Snake:3)
  28 nagarajas
  11 fire giants
  A blood saint (Pan)
  Ilsuiw (Shoals:4)
  11 daevas
  2 draconian knights
  An emperor scorpion (D:15)
  12 frost giants
  A caustic shrike zombie (Zig:27)
  8 orc warlords
  21 cacodemons
  8 iron dragons
  15 vault wardens
  2 ghost moths
  A spectral caustic shrike (Zig:20)
  27 balrugs
  16 angels
  3 elemental wellsprings
  2 draconian shifters
  5 juggernaut zombies
  10 deep elf sorcerers
  11 ghouls
  4 draconian scorchers
  3 draconian stormcallers
  6 deep elf elementalists
  4 spriggan defenders
  11 curse skulls
  16 ironheart preservers
  5 draconian annihilators
  53 reapers
  21 war gargoyles
  2 entropy weavers (shapeshifter)
  28 stone giants
  5 entropy weavers
  37 very ugly things
  2 juggernaut skeletons
  41 starcursed masses
  3 apis
  2 caustic shrike skeletons (Zig:27)
  24 vampire knights
  5 deep elf demonologists
  9 ophanim (Pan)
  5 red draconians
  9 green draconians
  10 bennus
  6 deep elf annihilators
  A dire elephant (shapeshifter) (Vaults:5)
  6 black suns
  7 black draconians
  2 dire elephants
  7 purple draconians
  17 spark wasps
  4 white draconians
  5 yellow draconians
  3 lorocyprocas
  17 mummy priests
  9 merfolk javelineers
  14 deep elf death magi
  10 blizzard demons
  10 quicksilver dragon zombies
  13 death oozes
  3 crystal guardians (Crypt:3)
  10 ettins
  An ettin (shapeshifter) (Zig:11)
  6 deep elf high priests
  14 fire dragons
  17 eidola
  9 jiangshi
  8 green deaths
  Erolcha (D:9)
  3 quicksilver dragon skeletons
  Josephine (D:12)
  9 merfolk impalers
  13 ice dragons
  13 yaktaur captains
  21 great orbs of eyes
  32 vault guards
  18 hydras
  18 naga warriors
  A spectral tengu (Zig:20)
  17 rakshasas
  An ice dragon (shapeshifter) (Zig:11)
  16 anacondas
  A monstrous demonspawn (Depths:1)
  16 spriggan air magi
  2 catoblepae
  4 ghost crabs
  10 hell beasts (Pan)
  2 alligator snapping turtles
  7 centaur warriors
  An anaconda (shapeshifter) (Depths:4)
  9 merfolk aquamancers
  10 ogre magi
  An alligator snapping turtle (shapeshifter) (Zig:19)
  3 merfolk avatars
  2 satyrs (Shoals:4)
  32 dancing weapons
  5 death knights
  5 deep troll shamans
  42 two-headed ogres
  10 death yaks
  A queen ant (Lair:5)
  6 deep troll earth magi
  39 death scarabs
  24 thrashing horrors
  4 alligators
  20 vampire magi
  18 hell hogs
  42 sun demons
  5 iron golems (Dis:7)
  12 orc high priests
  Sonja (D:15)
  A shock serpent (shapeshifter) (Zig:19)
  4 titan zombies
  23 shock serpents
  15 tengu warriors
  8 spriggans
  45 hell knights
  13 spriggan berserkers
  21 soul eaters
  22 deep elf knights
  3 storm dragon zombies
  2 titan skeletons
  29 naga sharpshooters
  12 iron trolls
  23 wretched stars
  5 spatial maelstroms
  36 shadow wraiths
  96 skeletal warriors
  A fire crab (Lair:6)
  18 sixfirhies
  An unseen horror (shapeshifter) (Zig:19)
  17 unseen horrors
  13 anaconda zombies
  5 salamander mystics
  20 sea snakes
  A sea snake (shapeshifter) (Zig:26)
  9 shadow demons
  20 flayed ghosts
  9 shambling mangroves
  A ghost moth zombie (Tar:2)
  A storm dragon skeleton (Geh:6)
  12 deep trolls
  A death drake (shapeshifter) (Depths:2)
  3 golden dragon zombies
  9 death drakes
  13 glowing orange brains
  2 glowing orange brains (shapeshifter)
  An infernal demonspawn (Pan)
  16 ironbrand convokers
  9 swamp dragons
  15 cherubim
  2 gelid demonspawn (Pan)
  12 naga ritualists
  2 spriggan druids
  2 deep trolls (shapeshifter)
  72 large abominations
  6 shadow dragon zombies
  10 wizards
  40 deep elf archers
  20 phantasmal warriors
  2 orange crystal statues
  6 golden dragon skeletons
  An orb spider (Abyss:3)
  A lindwurm (shapeshifter) (Zig:11)
  27 harpies
  3 tengu zombies
  10 mana vipers
  25 orc knights
  22 necromancers
  7 anaconda skeletons
  4 wolf spider zombies
  77 deep elf magi
  2 sphinx zombies (Zig:27)
  7 stone giant zombies
  8 fauns
  A mana viper (shapeshifter) (Zig:11)
  13 orc sorcerers
  A cyclops (shapeshifter) (Vaults:1)
  A frost giant zombie (Geh:6)
  4 shadow dragon skeletons
  8 fire giant zombies
  2 orb spiders (shapeshifter)
  9 wolf spiders
  A faun (shapeshifter) (Abyss:3)
  10 cyclopes
  3 iron dragon zombies
  34 ugly things
  3 oklob plants (Zig:26)
  4 worldbinders
  2 iron dragon skeletons
  14 manticores
  4 fire giant skeletons
  17 salamanders
  3 shock serpent zombies
  2 manticores (shapeshifter)
  23 moths of wrath
  6 shining eyes
  45 black mambas
  11 merfolk sirens
  6 frost giant skeletons
  11 guardian serpents
  2 spriggan zombies (Zig:27)
  5 stone giant skeletons
  10 eyes of devastation
  5 elephants (Lair:6)
  A dire elephant zombie (Tar:2)
  13 molten gargoyles
  4 ice statues
  19 vault sentinels
  26 rust devils
  4 centaur skeletons
  4 centaur zombies
  20 naga magi
  6 water nymphs
  11 spiny frogs
  6 torpor snails
  8 apocalypse crabs
  20 orange demons
  33 smoke demons
  A torpor snail (shapeshifter) (Zig:26)
  27 hellions
  2 dire elephant skeletons
  15 efreet
  4 elf skeletons (Zig:27)
  5 rime drakes
  3 kobold demonologists (D:13)
  A yaktaur (shapeshifter) (Vaults:2)
  2 emperor scorpion zombies
  8 demonic crawlers
  35 freezing wraiths
  13 hellwings
  A catoblepas skeleton (Geh:7)
  5 komodo dragons
  40 yaktaurs
  3 komodo dragons (shapeshifter)
  A spectral glowing shapeshifter (Zig:20)
  A golden dragon simulacrum (Tomb:1)
  55 ice devils
  33 tormentors
  12 hydra zombies
  A silent spectre (Tar:3)
  26 red devils
  16 ancient zymes
  51 guardian mummies
  A red draconian skeleton (Geh:6)
  A queen bee (D:9)
  5 tengu conjurers
  2 jumping spiders (shapeshifter)
  A merfolk (shapeshifter) (Zig:19)
  22 merfolk
  A grey draconian skeleton (Crypt:2)
  A meliai (shapeshifter) (Vaults:5)
  13 trolls
  2 harpy zombies
  6 hydra skeletons
  18 hornets
  A wolf spider simulacrum (IceCv)
  A satyr zombie (Crypt:2)
  8 wind drakes
  3 polar bears (shapeshifter)
  A shadow dragon simulacrum (Coc:7)
  A polar bear (Lair:6)
  A fire dragon zombie (Tar:3)
  3 harpy skeletons
  A hornet (shapeshifter) (Depths:3)
  44 raiju
  5 tyrant leeches
  8 bog bodies
  9 blink frogs
  12 dream sheep
  2 frost giant simulacra
  A slime creature (shapeshifter) (Vaults:3)
  6 snapping turtles
  A snapping turtle (shapeshifter) (Zig:26)
  A hippogriff (shapeshifter) (Zig:26)
  A stone giant simulacrum (Tomb:3)
  10 ettin zombies
  112 slime creatures
  2 fire giant simulacra
  6 alligator zombies
  3 ettin skeletons
  3 ice dragon skeletons
  A black mamba zombie (Crypt:1)
  111 flying skulls
  11 hippogriffs
  9 fire dragon skeletons
  13 air elementals
  22 wraiths
  41 yaks
  19 water elementals
  3 alligator skeletons
  15 shadows
  A tarantella (shapeshifter) (Depths:5)
  5 vampires
  19 ynoxinuls
  4 spriggan skeletons
  A wyvern (Lair:6)
  A hog (shapeshifter) (Depths:2)
  A basilisk (shapeshifter) (Abyss:2)
  21 fire elementals
  9 ushabtiu
  45 small abominations
  7 vampire mosquitoes
  2 death yak simulacra (IceCv)
  8 golden eyes
  A basilisk (D:13)
  6 fire bats (Abyss:3)
  6 steam dragons
  6 hungry ghosts
  5 hogs (Snake:3)
  28 neqoxecs
  17 chaos spawn
  6 insubstantial wisps
  A wind drake skeleton (Crypt:1)
  A merfolk zombie (Crypt:3)
  5 two-headed ogre zombies (WizLab)
  13 wargs
  56 nagas
  3 spatial vortices
  An acid dragon (Vaults:2)
  11 spiny frog zombies
  15 water moccasins
  A hydra simulacrum (Coc:1)
  12 soldier ants (Lair:5)
  3 porcupines
  49 hell hounds
  A porcupine (shapeshifter) (Elf:2)
  A floating eye (shapeshifter) (Abyss:3)
  2 floating eyes
  4 spiny frog skeletons
  A swamp drake (shapeshifter) (Zig:26)
  A fire dragon simulacrum (Abyss:3)
  2 manticore zombies
  20 ice beasts
  A monstrous demonspawn skeleton (Crypt:1)
  8 phantoms
  19 eyes of draining
  4 snapping turtle zombies
  5 swamp drakes
  2 black bears
  2 alligator simulacra
  78 orc warriors
  An ice dragon simulacrum (Abyss:3)
  18 necrophages
  48 ogres
  4 manticore skeletons
  16 boggarts
  5 elf zombies
  A human zombie (Vaults:4)
  30 centaurs
  An elephant skeleton (Crypt:2)
  3 snapping turtle skeletons
  3 wolves (Lair:6)
  2 swamp dragon skeletons (Tar:3)
  10 crocodiles
  A bullfrog (shapeshifter) (Vaults:3)
  2 big kobolds (D:9)
  9 earth elementals
  13 bullfrogs
  A spiny frog simulacrum (Abyss:2)
  2 gnoll sergeants
  A wyvern zombie (Crypt:2)
  A merfolk simulacrum (Hell)
  3 wyvern skeletons
  A queen bee zombie (Crypt:1)
  2 scorpions
  26 killer bees
  10 troll zombies
  4 jellies
  53 wights
  An electric eel (D:10)
  A troll skeleton (Tar:3)
  A howler monkey (D:10)
  7 quasits
  11 crimson imps
  3 draconian simulacra (IceCv)
  12 hounds
  A hound (shapeshifter) (Depths:5)
  3 bullfrog zombies
  37 orc priests
  31 orc wizards
  Crazy Yiuf (D:2)
  3 bullfrog skeletons
  25 iron imps
  2 human skeletons
  4 iguanas
  A lightning spire (Zig:14)
  7 troll simulacra (IceCv)
  21 worker ants
  4 spriggan simulacra (IceCv)
  3 centaur simulacra
  4 ogre zombies
  A naga zombie (Tar:1)
  2 crocodile skeletons
  3 tengu skeletons
  2 hound zombies
  4 hound skeletons
  26 mummies
  2 howler monkey zombies
  18 adders
  18 gnolls
  3 naga simulacra (IceCv)
  A river rat (shapeshifter) (Zig:26)
  An ogre simulacrum (IceCv)
  18 shadow imps
  41 white imps
  6 ufetubi
  An adder zombie (D:5)
  2 oozes
  2 adder skeletons
  3 worms
  6 ball lightnings (Pan)
  3 dart slugs
  A worm (shapeshifter) (Abyss:3)
  3 leopard geckos
  147 orcs
  4 giant cockroaches
  7 goblins
  3 hobgoblins
  5 jackals
  8 kobolds
  4 quokkas
  2 river rat zombies
  A ball python skeleton (Crypt:1)
  7 bats
  A dart slug zombie (Crypt:1)
  4 frilled lizards
  A goblin zombie (D:5)
  A kobold skeleton (Geh:6)
  A leopard gecko skeleton (D:6)
  An orc zombie (Dis:2)
  2 quokka skeletons
  13 rats
  102 blocks of ice
  10 bushes
  11 demonic plants (Abyss:3)
  217 fire vortices
  6 fungi
  3 lost souls (Zig:24)
  3 lurking horrors
  36 plants
  11 starspawn tentacles (Abyss:3)
5821 creatures vanquished.

Vanquished Creatures (collateral kills)
  An ancient lich (Zig:26)
  A juggernaut (Zig:24)
  A greater mummy (Tomb:1)
  A Killer Klown (Zig:19)
  A golden dragon (Zot:2)
  A bone dragon (Abyss:3)
  3 Orb Guardians (Zot:5)
  A tentacled monstrosity (Pan)
  Rupert (D:12)
  A quicksilver dragon (Zot:4)
  3 acid blobs
  4 tentacled starspawn (Abyss:3)
  A storm dragon (Zig:23)
  A cacodemon (Pan)
  A very ugly thing (Abyss:3)
  A reaper (Tar:7)
  A deep elf demonologist (Vaults:5)
  3 stone giants
  9 starcursed masses
  A yellow draconian (Zot:5)
  2 eidola
  An ettin (Vaults:5)
  A green death (Zig:17)
  A quicksilver dragon zombie (Zig:16)
  An ogre mage (D:15)
  Harold (Lair:4)
  Erica (D:9)
  A two-headed ogre (D:13)
  A tengu warrior (D:11)
  An alligator (Zig:13)
  A thrashing horror (Abyss:3)
  7 death yaks
  A vampire mage (Zig:25)
  2 wretched stars
  A titan skeleton (Abyss:3)
  2 iron trolls
  A fire crab (Lair:6)
  A storm dragon skeleton (Zig:27)
  A swamp dragon (Zig:17)
  An orc knight (Zig:26)
  A sphinx skeleton (Zig:27)
  A centaur zombie (D:13)
  Maurice (D:8)
  An apocalypse crab (Abyss:2)
  An elephant (Lair:6)
  4 moths of wrath
  2 black mambas
  A vault sentinel (Zig:26)
  Joseph (D:9)
  A torpor snail (Lair:6)
  2 rime drakes (Lair:6)
  3 komodo dragons
  2 spiny frogs (Lair:2)
  A hellwing (Pan)
  2 guardian mummies
  A polar bear (Lair:6)
  3 trolls
  6 slime creatures
  Grinder (D:6)
  7 blink frogs
  11 dream sheep
  A small abomination (Abyss:3)
  2 elf zombies (Zig:27)
  21 yaks
  A ynoxinul (Abyss:3)
  A basilisk (Lair:4)
  A hungry ghost (Abyss:2)
  An elf skeleton (Zig:27)
  2 soldier ants (Lair:5)
  A water moccasin (Lair:6)
  A hell hound (D:11)
  3 orc warriors
  2 necrophages
  2 ogres
  2 large abominations
  2 crocodiles
  2 wolves (Lair:6)
  A manticore skeleton (Geh:6)
  2 bullfrogs
  A gnoll sergeant (D:11)
  A scorpion (D:9)
  3 killer bees
  3 wights
  2 jellies (D:11)
  A crimson imp (D:9)
  3 orc priests
  2 orc wizards
  A hound (D:5)
  2 bullfrog skeletons
  5 worker ants
  A mummy (Tomb:3)
  3 gnolls
  A howler monkey skeleton (D:4)
  An ufetubus (Abyss:3)
  A ball lightning (Pan)
  13 orcs
  A giant cockroach (D:5)
  2 kobolds (D:9)
  A quokka (D:9)
  A block of ice (Abyss:3)
  A demonic plant (Abyss:3)
  2 plants
  A starspawn tentacle (Abyss:3)
220 creatures vanquished.

Vanquished Creatures (others)
  A lich (Tomb:2)
  A spark wasp (Zig:23)
  47 death scarabs
  A wizard (Pan)
  A deep elf mage (Zig:15)
  A black mamba (Zig:22)
  2 smoke demons (Pan)
  A shadow (Geh:7)
  11 flying skulls
  An insubstantial wisp (Zig:23)
  2 small abominations (Abyss:3)
  A jelly (D:9)
  An orc wizard (Elf:1)
  A mummy (Tomb:2)
  4 ball lightnings (Pan)
  4 orcs
  397 blocks of ice
  2 bushes (Lair:6)
  917 fire vortices
  34 fungi
  A lost soul (Zig:24)
  2 lurking horrors (Abyss:3)
  40 plants
  14 starspawn tentacles (Abyss:3)
1487 creatures vanquished.

Grand Total: 7528 creatures vanquished

Table legend:
 A = Turns spent in this place as a percentage of turns spent in the entire game.
 B = Non-inter-level travel turns spent in this place as a percentage of non-inter-level travel turns spent in the entire game.
 C = Inter-level travel turns spent in this place as a percentage of turns spent in this place.
 D = Turns resting spent in this place as a percentage of non-inter-level travel turns spent in this place.
 E = Turns spent auto-exploring this place as a percentage of non-inter-level travel turns spent in this place.
 F = Non-inter-level travel turns spent in this place divided by the number of levels of this place that you've seen.
                   A       B       C       D       E      F
               +-------+-------+-------+-------+-------+----------------------
         Total | 100.0 | 100.0 |  14.0 |  28.4 |  43.1 | 591.3
       Dungeon |  22.8 |  21.5 |  18.9 |  34.3 |  44.3 | 1159.2
        Temple |   0.0 |   0.0 |  18.2 |   0.0 |  38.9 |  18.0
          Lair |  11.0 |  10.9 |  14.3 |  40.3 |  43.9 | 1471.8
        Shoals |   3.5 |   3.9 |   4.8 |  25.5 |  57.5 | 787.8
     Snake Pit |   6.9 |   7.2 |  10.1 |  34.6 |  45.8 | 1462.5
    Slime Pits |   1.2 |   1.3 |   4.7 |  67.5 |   0.0 | 208.4
  Orcish Mines |   6.2 |   5.6 |  21.8 |  44.6 |  34.0 | 2264.0
   Elven Halls |   4.7 |   4.7 |  12.5 |  27.2 |  49.2 | 1280.7
        Vaults |   9.0 |   8.0 |  23.3 |  13.2 |  66.0 | 1295.0
         Crypt |   4.6 |   4.9 |   9.9 |  35.9 |  46.0 | 1312.0
          Tomb |   1.9 |   1.9 |  10.4 |   4.0 |  29.4 | 525.7
        Depths |   8.4 |   7.6 |  21.9 |  29.5 |  51.1 | 1234.6
          Hell |   0.4 |   0.4 |   6.8 |  14.4 |   0.0 | 313.0
           Dis |   0.4 |   0.5 |   0.0 |   0.7 |   5.2 |  57.4
       Gehenna |   0.8 |   1.0 |   0.0 |   0.0 |   0.4 | 110.6
       Cocytus |   0.7 |   0.8 |   0.0 |   0.6 |   0.0 |  96.6
      Tartarus |   1.9 |   2.1 |   9.0 |   2.3 |  24.7 | 237.4
           Zot |   5.5 |   5.8 |   8.1 |  22.8 |  65.5 | 945.4
         Abyss |   2.9 |   3.4 |   0.0 |   5.4 |  30.9 | 682.8
   Pandemonium |   2.3 |   2.7 |   0.0 |   1.6 |   5.8 | 181.9
      Ziggurat |   2.8 |   3.3 |   0.0 |  13.2 |  27.2 |  98.4
        Bazaar |   0.1 |   0.1 |   0.0 |   0.0 |  66.1 | 121.0
         Trove |   0.1 |   0.1 |   0.0 |   0.0 |  68.5 |  89.0
      Ice Cave |   1.0 |   1.2 |   0.0 |  54.4 |  24.8 | 972.0
        Wizlab |   0.9 |   1.1 |   0.0 |  56.0 |  14.8 | 886.0
               +-------+-------+-------+-------+-------+----------------------
